 Dungeon Crawl Stone Soup version 0.24-a0-530-g18ba70b5 (webtiles) character file.

Game seed: 7680188531091127530

1303082 Faca the Merfolkian Porcupine (level 27, -9/199 HPs)
             Began as a Merfolk Gladiator on Aug 4, 2019.
             Was the Champion of Zin.
             Killed by divine providence
             ... invoked by a daeva
             ... summoned by a seraph
              (11 damage)
             ... on level 3 of the Dungeon on Aug 7, 2019.
             The game lasted 09:22:38 (132688 turns).

Faca the Merfolkian Porcupine (Merfolk Gladiator) Turns: 132688, Time: 09:22:38

Health: -9/199     AC: 41    Str: 18      XL:     27
Magic:  45/45      EV: 45    Int:  8 (9)  God:    Zin [******]
Gold:   705        SH: 39    Dex: 35      Spells: 26/26 levels left

rFire    + . .     SeeInvis +   L - +9 trishula (holy)
rCold    + + +     Gourm    .   A - +8 large shield {AC+3}
rNeg     + + .     Faith    .   K - +14 plate armour "Yrhogiat" {Str+6}
rPois    +         Spirit   .   p - +0 hat "Efroqeawk" {*Corrode Dex+5 SInv}
rElec    +         Reflect  .   r - scarf {rC+ rF+}
rCorr    .         Harm     .   O - +0 pair of fencer's gloves {Riposte Dex+3}
MR       +++..     Rnd*Rage +   T - +2 pair of boots of Subjectivity {rPois MR+ MP+9 Str+4}
Stlth    ..........             l - amulet of the acrobat
HPRegen  0.00/turn              B - ring of the Princess {rElec rPois rF+ rN+ Str-5}
MPRegen  0.29/turn              s - ring "Mocuptoz" {Ice rN+ Str-2 Dex+9}

@: acrobat, hasted, glowing, very quick
A: change form in water, swift swim, stealthy swim, large bone plates 1, thin
metallic scales 1, berserk 1, blurry vision 2, clumsy 2, cold resistance 1,
deformed body, deterioration 2, frail 2, low mp 1, screaming 3, inhibited
regeneration, weak 2, no potion heal 1, subdued magic 2
0: Orb of Zot
}: 13/15 runes: barnacled, slimy, silver, iron, obsidian, icy, bone, abyssal,
glowing, magical, fiery, dark, gossamer
a: Recite, Vitalisation, Imprison, Sanctuary, Donate Gold, Renounce Religion


You were on level 3 of the Dungeon.
You worshipped Zin.
Zin was exalted by your worship.
You were very full.

You visited 17 branches of the dungeon, and saw 86 of its levels.
You visited Pandemonium 2 times, and saw 23 of its levels.
You visited the Abyss 3 times.
You also visited: Sewer, Ossuary, Bailey, Ice Cave and Desolation.

You collected 12064 gold pieces.
You spent 3774 gold pieces at shops.
You donated 7585 gold pieces to Zin.

Inventory:

Hand Weapons
 F - the +9 trident of Bushriaff {flame, Int+6 Stlth+}
   (You found it on level 5 of the Pits of Slime)

   It has been specially enchanted to burn those struck by it, causing extra
   injury to most foes and up to half again as much damage against particularly
   susceptible opponents.
   It affects your intelligence (+6).
   It makes you more stealthy.
 L - a +9 trishula of holy wrath (weapon)
Missiles
 d - 19 throwing nets
 n - 51 javelins
 Q - 63 silver javelins (quivered)
Armour
 p - the +0 hat "Efroqeawk" (worn) {*Corrode Dex+5 SInv}
   (Okawaru gifted it to you on level 1 of the Spider Nest)

   It affects your dexterity (+5).
   It lets you see invisible.
   It may corrode you when you take damage.
 r - a scarf of resistance (worn)
 u - the +9 plate armour of the Well-Known Places {rN+ Regen+}
   (Okawaru gifted it to you on level 5 of the Realm of Zot)

   It protects you from negative energy.
   It increases your rate of regeneration.
 A - a +8 large shield of protection (worn)
 K - the +14 plate armour "Yrhogiat" (worn) {Str+6}
   (You found it on level 4 of the Spider Nest)

   It affects your strength (+6).
 O - the +0 pair of fencer's gloves (worn) {Riposte Dex+3}
   (You found it in an ice cave)

   It affects your dexterity (+3).
 T - the +2 pair of boots of Subjectivity (worn) {rPois MR+ MP+9 Str+4}
   (You found it in an ice cave)

   It affects your strength (+4).
   It protects you from poison.
   It affects your resistance to hostile enchantments.
   It affects your magic capacity (+9).
Jewellery
 a - the ring of Royalty {Fire MR++}
   (You took it off a boggart on level 15 of the Dungeon)

   [ring of fire]

   It enhances your fire magic.
   It protects you from fire.
   It makes you vulnerable to cold.
   It affects your resistance to hostile enchantments.
 b - the ring of Bioh {rElec rN+ EV+4 Dex+2 Stlth-}
   (You found it in Pandemonium)

   [ring of evasion]

   It affects your evasion (+4).
   It affects your dexterity (+2).
   It insulates you from electricity.
   It protects you from negative energy.
   It makes you less stealthy.
 l - an amulet of the acrobat (around neck)
 s - the ring "Mocuptoz" (right hand) {Ice rN+ Str-2 Dex+9}
   (You acquired it on level 2 of the Realm of Zot)

   [ring of ice]

   It enhances your ice magic.
   It affects your strength (-2).
   It affects your dexterity (+9).
   It makes you vulnerable to fire.
   It protects you from cold.
   It protects you from negative energy.
 B - the ring of the Princess (left hand) {rElec rPois rF+ rN+ Str-5}
   (You acquired it on level 1 of the Lair of Beasts)

   [ring of protection from fire]

   It affects your strength (-5).
   It protects you from fire.
   It insulates you from electricity.
   It protects you from poison.
   It protects you from negative energy.
Wands
 y - a wand of acid (51)
 H - a wand of enslavement (7)
 U - a wand of digging (1)
Scrolls
 g - 3 scrolls of silence
 i - 14 scrolls of blinking
 j - 36 scrolls of teleportation
 k - 11 scrolls of fear
 o - 30 scrolls of remove curse
 w - 6 scrolls of enchant armour
 x - 4 scrolls of fog
 D - 7 scrolls of magic mapping
 S - 11 scrolls of identify
 V - 5 scrolls of summoning
 X - 5 scrolls of enchant weapon
Potions
 c - 2 potions of might
 e - a potion of heal wounds
 m - 5 potions of berserk rage
 q - 10 potions of flight
 t - 15 potions of brilliance
 z - 4 potions of cancellation
 C - 15 potions of ambrosia
 E - 25 potions of curing
 G - 4 potions of agility
 J - 5 potions of resistance
 M - 5 potions of invisibility
 P - 11 potions of lignification
Comestibles
 f - 46 rations


   Skills:
 O Level 27 Fighting
   Level 1.3 Short Blades
 O Level 27 Polearms
 O Level 27 Throwing
 + Level 24.4 Armour
 O Level 27 Dodging
 O Level 27 Shields
 O Level 27 Invocations
 + Level 5.5 Evocations


You had 26 spell levels left.
You didn't know any spells.
Your spell library contained the following spells:

 Spells                   Type           Power        Failure   Level  Hunger
 Animate Skeleton         Necr           N/A          92%         1    ##.....
 Apportation              Tloc           #.....       92%         1    ##.....
 Beastly Appendage        Tmut           #.....       92%         1    ##.....
 Confusing Touch          Hex            #.....       92%         1    ##.....
 Corona                   Hex            #......      92%         1    ##.....
 Flame Tongue             Conj/Fire      #....        92%         1    ##.....
 Freeze                   Ice            #...         92%         1    ##.....
 Infusion                 Chrm           #...         92%         1    ##.....
 Magic Dart               Conj           #...         92%         1    ##.....
 Pain                     Necr           #...         92%         1    ##.....
 Sandblast                Erth           #.....       92%         1    ##.....
 Sting                    Conj/Pois      #...         92%         1    ##.....
 Summon Small Mammal      Summ           #...         92%         1    ##.....
 Blink                    Tloc           N/A          98%         2    ###....
 Call Imp                 Summ           #.......     98%         2    ###....
 Corpse Rot               Necr           N/A          98%         2    ###....
 Ensorcelled Hibernation  Hex/Ice        #.....       98%         2    ###....
 Passwall                 Tmut/Erth      #.......     98%         2    ###....
 Poisonous Vapours        Pois/Air       #.....       98%         2    ###....
 Searing Ray              Conj           #.....       98%         2    ###....
 Shroud of Golubria       Chrm/Tloc      #.....       98%         2    ###....
 Slow                     Hex            #.......     98%         2    ###....
 Song of Slaying          Chrm           #.......     98%         2    ###....
 Sticks to Snakes         Tmut           #.......     98%         2    ###....
 Sublimation of Blood     Necr           #.........   98%         2    ###....
 Swiftness                Chrm/Air       #.......     98%         2    ###....
 Throw Flame              Conj/Fire      #.....       98%         2    ###....
 Throw Frost              Conj/Ice       #.....       98%         2    ###....
 Call Canine Familiar     Summ           #.......     100%        3    ####...
 Confuse                  Hex            #.......     100%        3    ####...
 Conjure Flame            Conj/Fire      #.......     100%        3    ####...
 Dazzling Spray           Conj/Hex       #.....       100%        3    ####...
 Gell's Gravitas          Tloc           #.........   100%        3    ####...
 Ignite Poison            Fire/Tmut/Pois #.......     100%        3    ####...
 Inner Flame              Hex/Fire       #.......     100%        3    ####...
 Lesser Beckoning         Tloc           #.........   100%        3    ####...
 Mephitic Cloud           Conj/Pois/Air  #.......     100%        3    ####...
 Ozocubu's Armour         Chrm/Ice       #.......     100%        3    ####...
 Portal Projectile        Hex/Tloc       #.....       100%        3    ####...
 Recall                   Summ/Tloc      N/A          100%        3    ####...
 Regeneration             Chrm/Necr      #.........   100%        3    ####...
 Spectral Weapon          Hex/Chrm       #.......     100%        3    ####...
 Spider Form              Tmut/Pois      #.........   100%        3    ####...
 Stone Arrow              Conj/Erth      #.....       100%        3    ####...
 Summon Guardian Golem    Hex/Summ       #.......     100%        3    ####...
 Teleport Other           Tloc           #.......     100%        3    ####...
 Tukima's Dance           Hex            #.......     100%        3    ####...
 Vampiric Draining        Necr           #.........   100%        3    ####...
 Animate Dead             Necr           N/A          100%        4    #####..
 Cause Fear               Hex            #.........   100%        4    #####..
 Force Lance              Conj/Tloc      #.......     100%        4    #####..
 Fulminant Prism          Conj/Hex       #.........   100%        4    #####..
 Ice Form                 Ice/Tmut       #.......     100%        4    #####..
 Iskenderun's Mystic Bla  Conj           #.......     100%        4    #####..
 Leda's Liquefaction      Hex/Erth       #.........   100%        4    #####..
 Petrify                  Tmut/Erth      #.......     100%        4    #####..
 Sticky Flame             Conj/Fire      #.......     100%        4    #####..
 Summon Ice Beast         Ice/Summ       #.......     100%        4    #####..
 Summon Lightning Spire   Summ/Air       #.......     100%        4    #####..
 Throw Icicle             Conj/Ice       #.......     100%        4    #####..
 Agony                    Necr           #.......     100%        5    ######.
 Aura of Abjuration       Summ           #.........   100%        5    ######.
 Blade Hands              Tmut           #.........   100%        5    ######.
 Bolt of Draining         Conj/Necr      #.........   100%        5    ######.
 Bolt of Magma            Conj/Fire/Erth #.........   100%        5    ######.
 Borgnjor's Vile Clutch   Necr/Erth      #.........   100%        5    ######.
 Dispel Undead            Necr           #.......     100%        5    ######.
 Excruciating Wounds      Chrm/Necr      #.........   100%        5    ######.
 Fireball                 Conj/Fire      #.........   100%        5    ######.
 Irradiate                Conj/Tmut      #.........   100%        5    ######.
 Iskenderun's Battlesphe  Conj/Chrm      #.......     100%        5    ######.
 Lee's Rapid Deconstruct  Erth           #.........   100%        5    ######.
 Metabolic Englaciation   Hex/Ice        #.........   100%        5    ######.
 Silence                  Hex/Air        #.........   100%        5    ######.
 Summon Demon             Summ           #.........   100%        5    ######.
 Venom Bolt               Conj/Pois      #.........   100%        5    ######.
 Yara's Violent Unravell  Hex/Tmut       #.........   100%        5    ######.
 Bolt of Cold             Conj/Ice       #.........   100%        6    #######
 Bolt of Fire             Conj/Fire      #.........   100%        6    #######
 Conjure Ball Lightning   Conj/Air       #.........   100%        6    #######
 Darkness                 Hex            #.........   100%        6    #######
 Death Channel            Necr           #.........   100%        6    #######
 Deflect Missiles         Chrm/Air       #.........   100%        6    #######
 Freezing Cloud           Conj/Ice/Air   #.........   100%        6    #######
 Hydra Form               Tmut           #.........   100%        6    #######
 Invisibility             Hex            #.......     100%        6    #######
 Iron Shot                Conj/Erth      #.........   100%        6    #######
 Ozocubu's Refrigeration  Ice            #.........   100%        6    #######
 Poison Arrow             Conj/Pois      #.........   100%        6    #######
 Shadow Creatures         Summ           N/A          100%        6    #######
 Simulacrum               Ice/Necr       #.........   100%        6    #######
 Statue Form              Tmut/Erth      #........    100%        6    #######
 Dragon Form              Tmut           #.........   100%        7    #######
 Haunt                    Necr/Summ      #.........   100%        7    #######
 Malign Gateway           Summ/Tloc      #.........   100%        7    #######
 Monstrous Menagerie      Summ           #.........   100%        7    #######
 Orb of Destruction       Conj           #.........   100%        7    #######
 Ring of Flames           Chrm/Fire      #.........   100%        7    #######
 Spellforged Servitor     Conj/Summ      #.........   100%        7    #######
 Summon Greater Demon     Summ           #.........   100%        7    #######
 Summon Hydra             Summ           #.........   100%        7    #######
 Borgnjor's Revivificati  Necr           #.........   100%        8    #######
 Chain Lightning          Conj/Air       #.........   100%        8    #######
 Controlled Blink         Tloc           N/A          100%        8    #######
 Death's Door             Chrm/Necr      #.........   100%        8    #######
 Discord                  Hex            #.........   100%        8    #######
 Ignition                 Fire           #.........   100%        8    #######
 Infestation              Necr           #.........   100%        8    #######
 Lehudib's Crystal Spear  Conj/Erth      #.........   100%        8    #######
 Necromutation            Tmut/Necr      #.........   100%        8    #######
 Summon Horrible Things   Summ           #.........   100%        8    #######
 Fire Storm               Conj/Fire      #.........   100%        9    #######
 Glaciate                 Conj/Ice       #.........   100%        9    #######
 Shatter                  Erth           #.........   100%        9    #######
 Tornado                  Air            #.........   100%        9    #######
 Passage of Golubria      Tloc           Unusable     N/A         4    N/A

Dungeon Overview and Level Annotations

Branches:
Dungeon (15/15)            Temple (1/1) D:4            Lair (6/6) D:10
 Shoals (4/4) Lair:4       Spider (4/4) Lair:4        Slime (5/5) Lair:6
    Orc (2/2) D:11            Elf (3/3) Orc:2        Vaults (5/5) D:13
  Crypt (3/3) Vaults:3       Tomb (0/3) Crypt:3      Depths (5/5) D:15
   Hell (1/1)                 Dis (7/7) Hell            Geh (7/7) Hell
    Coc (7/7) Hell            Tar (7/7) Hell            Zot (5/5) Depths:5

Altars:
Ashenzari
Cheibriados
Dithmenos
Elyvilon
Fedhas
Gozag
Hepliaklqana
Kikubaaqudgha
Makhleb
Nemelex Xobeh
Okawaru
Qazlal
Ru
Sif Muna
Trog
Uskayaw
Vehumet
Wu Jian
Xom
Yredelemnul
Zin
The Shining One
Beogh
Lugonu

Shops:
D:4 %   D:9 ?   D:10 =   Orc:2 !*?%   Shoals:2 !   Vaults:1 }

Portals:
Hell: Depths:1 Depths:2 Depths:3 Depths:4 Depths:5
Abyss: Depths:3 Depths:4 Depths:5
Pandemonium: Depths:3 Depths:4 Depths:5
Ziggurat: Depths:4


Innate Abilities, Weirdness & Mutations

You revert to your normal form in water.
You are very nimble and swift while swimming.
You are very stealthy in the water. (Stealth+)
You are partially covered in large bone plates. (SH +4)
You are partially covered in thin metallic scales. (AC +2)
You tend to lose your temper in combat.
Scrolls take you longer to read.
You are very clumsy. (Dex -4)
Your flesh is cold resistant. (rC+)
Armour fits poorly on your strangely shaped body.
Your body often deteriorates upon taking damage.
You are very frail. (-20% HP)
Your magical capacity is low. (-10% MP)
You frequently scream uncontrollably at your foes.
You do not regenerate when monsters are visible.
You are very weak. (Str -4)
Potions are less effective at restoring your health.
Your spells are easier to cast, but less powerful.


Message History

The Shining One smites you!
* * * LOW HITPOINT WARNING * * *
You block the angel's attack. x2
The seraph shouts a warning to its allies!
As you read the scroll of fear, it crumbles to dust.
You assume a fearsome visage.
The seraph is unaffected.
The daeva is unaffected. x3; The angel is unaffected. x2
You block the angel's attack. x2
The daeva calls down the wrath of the Shining One upon you.
The Shining One smites you!
* * * LOW HITPOINT WARNING * * *
The angel completely misses you. You block the angel's attack.
You feel yourself speed up. You block the angel's attack. x2
The daeva calls down the wrath of the Shining One upon you.
The Shining One smites you!
* * * LOW HITPOINT WARNING * * *
The angel no longer looks unusually strong.
The daeva calls down the wrath of the Shining One upon you.
The Shining One smites you!
You die...

#.##....##.##.#........
#.####<.##.##.....#...# #######
#.......##.####..###.## ......#
######.......(....#...# #####.#
#.####.#.....?._.. #####.#######
#.####.#.#...#...# ##.....>†...#
#...........###.## ##.##.#####.#
#.####.#.##..#...# ...##.#####.#
#@####.#.##....... ............#
#.A.A.A...#####.##
####........##########...# #...
###........^....# #...# ####
....©.......###.# #...# #
#########.....#.# #...########
#8...(.8##..#.#.######A..........
........©#..#.#.(...>..........#.
..#(..#).#...=.......A.........#.


You could see a daeva and 2 angels.

Vanquished Creatures
  Cerebov (Pan)
  Asmodeus (Geh:7)
  Antaeus (Coc:7)
  the Royal Jelly (Slime:5)
  12 pandemonium lords
  Ereshkigal (Tar:7)
  the Serpent of Hell (Coc:7)
  Gloorx Vloq (Pan)
  Dispater (Dis:7)
  Lom Lobon (Pan)
  Mnoleg (Pan)
  The ghost of logorrheac the Ninja, a legendary GrEE of Vehumet (Zot:5)
  9 orbs of fire
  Mennas (Depths:3)
  3 juggernauts
  5 ancient liches
  A greater mummy (Crypt:3)
  The ghost of Kev Keca the Hoplite, a master BaWr of Okawaru (Vaults:1)
  4 Killer Klowns (Zot:5)
  The ghost of Nashrecw the Impassioned, a veteran HOFi of Uskayaw (Depths:5)
  6 shard shrikes (Coc:7)
  Bai Suzhen (Shoals:4)
  A curse toe (Depths:5)
  Saint Roka (Elf:2)
  10 golden dragons
  Jory (Vaults:3)
  Geryon (Hell)
  The ghost of Orei the Impregnable, a veteran DsWn of Okawaru (Vaults:1)
  3 profane servitors
  5 doom hounds
  2 electric golems (Zot:5)
  26 Tzitzimimeh
  16 bone dragons
  19 Brimstone Fiends
  10 iron giants
  A hellephant (Pan)
  Jorgrun (D:13)
  14 liches
  18 tentacled monstrosities
  18 Hell Sentinels
  24 Ice Fiends
  Rupert (D:11)
  26 Orb Guardians
  6 deep elf blademasters
  9 deep elf master archers
  12 quicksilver dragons
  The ghost of Osocluem the Ninja, a veteran SpEn of Dithmenos (Vaults:2)
  Asterion (Vaults:2)
  Murray (Hell)
  27 Executioners
  A kraken (Shoals:4)
  15 tentacled starspawn
  2 eldritch tentacles
  25 titans
  The ghost of Lucherd the Warrior, an adept FoFi of Okawaru (Spider:1)
  11 death cobs
  5 sphinxes
  25 acid blobs
  10 ancient champions
  Roxanne (Elf:3)
  Agnes (Elf:1)
  8 storm dragons
  7 azure jellies
  An azure jelly (shapeshifter) (Depths:5)
  4 tengu reavers
  2 revenants
  8 shadow dragons
  11 draconian monks
  The ghost of flyingllamaman the Blocker, an adept DsFi of Okawaru (Spider:4)
  7 draconian knights
  28 fire giants
  12 vault wardens
  10 iron dragons
  4 draconian scorchers
  5 deep elf sorcerers
  19 frost giants
  33 balrugs
  Louise (D:14)
  8 ghost moths
  Aizul (Vaults:2)
  A caustic shrike zombie (Hell)
  An imperial myrmidon (Desolation)
  19 cacodemons
  6 warmongers (Pan)
  4 emperor scorpions
  2 deep elf elementalists
  8 draconian stormcallers
  12 ghouls
  3 angels
  9 draconian shifters
  The ghost of Myef the Fighter, a journeyman CeFi of Kikubaaqudgha (Lair:5)
  59 reapers
  5 curse skulls
  7 entropy weavers
  3 spriggan defenders
  12 draconian annihilators
  14 green draconians
  14 ironheart preservers
  38 stone giants
  6 corrupters (Pan)
  2 ophanim (Abyss:3)
  22 war gargoyles
  An elemental wellspring (Coc:7)
  6 deep elf demonologists
  3 blood saints (Pan)
  30 very ugly things
  10 vampire knights
  Azrael (D:13)
  15 white draconians
  21 black draconians
  12 black suns (Pan)
  7 deep elf annihilators
  18 red draconians
  21 yellow draconians
  The ghost of Woatraot the Fighter, a journeyman MiFi of Okawaru (Lair:2)
  24 lorocyprocas
  15 purple draconians
  3 halazid warlocks (Desolation)
  6 spark wasps
  4 death oozes (Slime:5)
  10 eidola
  22 ettins
  27 blizzard demons
  A crystal guardian (Desolation)
  9 deep elf death magi
  Josephine (Lair:4)
  3 merfolk impalers
  23 green deaths
  16 fire dragons
  2 merfolk javelineers (Shoals:3)
  10 quicksilver dragon zombies
  6 ragged hierophants (Desolation)
  8 deep elf high priests
  9 yaktaur captains
  10 great orbs of eyes
  6 jiangshi
  A spectral kraken (Tar:7)
  7 servants of whispers
  A naga warrior (Abyss:2)
  The ghost of Vorom the Basher, a journeyman GrFi of Qazlal (Lair:2)
  15 ogre magi
  21 ice dragons
  10 hydras
  An ice dragon (shapeshifter) (Elf:2)
  10 rakshasas
  5 peacekeepers (Desolation)
  6 quicksilver dragon skeletons
  4 spriggan air magi
  4 hell beasts
  33 vault guards
  14 monstrous demonspawn (Pan)
  4 ghost crabs
  5 death knights
  15 centaur warriors
  3 merfolk avatars
  3 merfolk aquamancers (Shoals:3)
  2 catoblepae
  8 deep troll shamans
  24 hell hogs
  An anaconda (shapeshifter) (Depths:4)
  10 death yaks
  31 dancing weapons
  51 two-headed ogres
  4 satyrs
  8 tengu warriors
  8 deep troll earth magi
  A spectral draconian (Zot:5)
  A shock serpent (shapeshifter) (Vaults:4)
  4 spriggan berserkers
  7 vampire magi
  13 thrashing horrors
  10 titan zombies
  An orc high priest (Orc:1)
  48 soul eaters
  3 shock serpents (Pan)
  10 storm dragon zombies
  21 deep elf knights
  8 iron golems
  A spectral yellow draconian (Zot:5)
  64 sun demons
  10 titan skeletons
  12 hell knights
  A spectral purple draconian (Zot:5)
  5 shadow wraiths
  2 spatial maelstroms (Abyss:3)
  3 golden dragon zombies
  2 storm dragon skeletons
  14 iron trolls
  100 skeletal warriors
  4 ghost moth zombies
  31 sixfirhies
  16 wretched stars
  11 glowing orange brains
  12 sea snakes
  8 unseen horrors
  5 infernal demonspawn (Pan)
  2 cherubim (Abyss:3)
  2 death drakes (Depths:5)
  13 gelid demonspawn
  26 shadow demons
  2 deep trolls (shapeshifter)
  27 deep trolls
  7 anaconda zombies
  5 anaconda skeletons
  12 flayed ghosts
  An obsidian statue (Zot:5)
  24 starcursed masses
  A kraken simulacrum (Hell)
  3 quicksilver dragon simulacra
  3 lindwurms (Depths:5)
  4 wizards
  14 torturous demonspawn (Pan)
  48 phantasmal warriors
  6 shadow dragon zombies
  5 wolf spider zombies
  17 necromancers
  15 harpies
  6 iron dragon zombies
  12 ironbrand convokers
  2 golden dragon skeletons
  20 deep elf archers
  48 wolf spiders
  7 frost giant zombies
  22 orb spiders
  A mana viper (Abyss:2)
  16 orc knights
  3 salamanders (shapeshifter)
  3 fire giant zombies
  10 cyclopes
  19 fauns
  2 orc sorcerers
  9 shining eyes
  A tengu skeleton (Vaults:3)
  A salamander (Depths:1)
  4 worldbinders
  61 ugly things
  17 stone giant zombies
  67 deep elf magi
  3 shadow dragon skeletons
  17 manticores
  A shining eye (shapeshifter) (Vaults:5)
  2 wolf spiders (shapeshifter)
  52 rust devils
  A cyclops (shapeshifter) (Depths:2)
  4 centaur zombies
  6 iron dragon skeletons
  5 ice statues
  4 fire giant skeletons
  4 shock serpent zombies
  5 merfolk sirens
  7 black mambas
  5 stone giant skeletons
  3 water nymphs
  3 frost giant skeletons
  3 guardian serpents (Desolation)
  34 moths of wrath
  An apocalypse crab (Abyss:1)
  14 vault sentinels
  9 dire elephant zombies
  82 smoke demons
  3 titan simulacra (Coc:7)
  5 molten gargoyles
  30 orange demons
  23 hellions
  13 elephants
  An alligator snapping turtle zombie (Crypt:1)
  3 gargoyles
  5 spectral swamp worms (Tar:7)
  A yellow draconian zombie (Crypt:2)
  3 spriggan zombies (Hell)
  8 kobold demonologists
  2 dire elephant skeletons
  2 torpor snails
  A shock serpent skeleton (Geh:5)
  6 human zombies
  11 spiny frogs
  2 storm dragon simulacra
  5 rime drakes
  17 efreet
  2 minotaur zombies
  2 catoblepas zombies
  A yaktaur (shapeshifter) (Vaults:4)
  45 freezing wraiths
  4 anaconda simulacra
  2 komodo dragons (shapeshifter)
  A golden dragon simulacrum (Zot:5)
  8 komodo dragons
  An emperor scorpion zombie (Dis:7)
  51 yaktaurs
  31 hellwings
  47 tormentors
  5 tengu conjurers
  16 hydra zombies
  A ghost moth simulacrum (Zot:5)
  2 guardian mummies
  A silent spectre (Tar:7)
  51 demonic crawlers
  5 harpy zombies
  44 ice devils
  12 ancient zymes
  A yaktaur skeleton (D:15)
  A meliai (shapeshifter) (Depths:1)
  44 red devils
  A queen bee (shapeshifter) (Vaults:4)
  An iron troll skeleton (Crypt:2)
  18 merfolk
  3 meliai
  44 jumping spiders
  A wind drake (shapeshifter) (Depths:4)
  A queen bee (D:12)
  4 trolls
  20 hornets
  8 hydra skeletons
  15 wind drakes
  A hornet (shapeshifter) (D:12)
  A polar bear (Lair:6)
  6 fire dragon zombies
  36 saltlings
  7 ettin zombies
  19 blink frogs
  7 ice dragon zombies
  A bog body (Crypt:1)
  48 raiju
  101 slime creatures
  2 fire giant simulacra
  5 alligator zombies
  11 snapping turtles
  A hippogriff (shapeshifter) (Abyss:1)
  A blink frog (shapeshifter) (Vaults:3)
  20 dream sheep
  A slime creature (shapeshifter) (Vaults:5)
  16 hippogriffs
  A stone giant simulacrum (Vaults:3)
  A redback (shapeshifter) (Elf:1)
  97 flying skulls
  7 spriggans
  57 ynoxinuls
  3 alligator skeletons
  3 ettin skeletons
  58 redbacks
  23 shadows
  2 tarantellas (shapeshifter) (Vaults:1)
  3 air elementals
  2 black mamba zombies
  A fire dragon skeleton (Hell)
  24 tarantellas
  2 ushabtiu (Crypt:3)
  29 water elementals
  22 fire elementals
  A vampire (Abyss:3)
  2 wyverns
  Eustachio (D:4)
  6 dire elephant simulacra (IceCv)
  29 wraiths
  5 fire bats
  8 ice dragon skeletons
  4 steam dragons
  33 yaks
  8 vampire mosquitoes
  4 basilisks
  The ghost of chaoswolf the Chopper, an amateur DsBe of Trog (D:3)
  34 neqoxecs
  25 golden eyes
  8 hungry ghosts
  18 chaos spawn
  4 tengu zombies
  Menkaure (D:5)
  3 harpy simulacra (IceCv)
  An insubstantial wisp (Abyss:1)
  10 wargs
  A spatial vortex (Abyss:3)
  A deep troll zombie (Crypt:1)
  A swamp worm (shapeshifter) (Vaults:5)
  71 large abominations
  3 nagas (Abyss:2)
  2 soldier ants (D:5)
  5 acid dragons
  18 water moccasins
  9 spiny frog zombies
  10 hydra simulacra
  6 floating eyes
  Duvessa (D:4)
  53 hell hounds
  8 porcupines
  A deep troll skeleton (Crypt:1)
  A faun skeleton (Crypt:1)
  A sky beast (D:7)
  A merfolk skeleton (Tar:4)
  2 moth of wrath simulacra (Zot:5)
  A swamp drake (Depths:5)
  6 spiny frog skeletons
  16 ice beasts
  4 swamp dragon zombies
  2 manticore zombies
  59 orc warriors
  2 alligator simulacra
  12 phantoms
  34 ogres
  10 eyes of draining
  3 black bears
  35 necrophages
  4 snapping turtle zombies
  A tengu (shapeshifter) (Elf:1)
  14 boggarts
  A swamp dragon skeleton (Coc:1)
  19 wolves
  26 centaurs
  4 snapping turtle skeletons
  10 crocodiles
  45 small abominations
  9 big kobolds
  17 bullfrogs
  A yaktaur zombie (D:15)
  A gnoll sergeant (D:9)
  A wyvern zombie (D:8)
  5 earth elementals
  A spiny frog simulacrum (Hell)
  Dowan (D:4)
  9 wyvern skeletons (Crypt:3)
  A water moccasin zombie (D:6)
  4 scorpions
  A troll zombie (D:11)
  36 killer bees
  A snapping turtle simulacrum (Coc:1)
  76 wights
  3 human simulacra
  6 howler monkeys
  11 crimson imps
  4 bullfrog zombies
  11 jellies
  10 quasits
  3 draconian simulacra
  13 orc priests
  8 hounds
  A bullfrog skeleton (D:13)
  8 centaur skeletons
  35 iron imps
  22 orc wizards
  2 human skeletons
  Jessica (D:2)
  A porcupine zombie (Crypt:1)
  3 iguanas
  22 worker ants
  2 polar bear simulacra (IceCv)
  3 troll simulacra (IceCv)
  3 killer bee zombies
  A sky beast zombie (Crypt:2)
  An acid dragon zombie (Crypt:2)
  5 ogre zombies (D:11)
  A naga zombie (Dis:7)
  2 centaur simulacra (IceCv)
  18 mummies
  A naga skeleton (Coc:7)
  A hound skeleton (D:4)
  Robin (D:2)
  A worker ant zombie (D:8)
  10 gnolls
  18 adders
  2 naga simulacra (IceCv)
  3 ogre simulacra (IceCv)
  8 river rats (Sewer)
  A steam dragon zombie (Crypt:2)
  A steam dragon skeleton (Crypt:2)
  12 shadow imps
  25 white imps
  13 ufetubi
  An adder zombie (D:9)
  An adder skeleton (D:9)
  3 worms (D:3)
  4 dart slugs
  10 leopard geckos
  115 orcs
  5 giant cockroaches
  15 goblins
  5 hobgoblins
  18 jackals
  41 kobolds
  4 quokkas
  7 ball pythons
  12 bats
  3 frilled lizards
  2 gnoll skeletons (Ossuary)
  3 goblin skeletons
  2 goblin zombies
  A hobgoblin zombie (D:11)
  A jackal zombie (D:8)
  2 kobold skeletons (Ossuary)
  A kobold zombie (Crypt:3)
  3 leopard gecko skeletons
  6 orc skeletons
  13 orc zombies (D:11)
  2 quokka zombies
  28 rats
  11 rat skeletons (Ossuary)
  A rat zombie (D:7)
  2 crawling corpses (Elf:3)
  5 starspawn tentacles
  4 tentacles
  5 withered plants (Crypt:3)
5518 creatures vanquished.

Vanquished Creatures (others)
  Nikola (Elf:1)
  6 eldritch tentacles
  A draconian knight (Zot:1)
  A tengu reaver (Depths:2)
  A fire giant (Zot:4)
  A frost giant (Crypt:1)
  2 elemental wellsprings
  A blizzard demon (Coc:7)
  A green death (Pan)
  A deep elf high priest (Vaults:5)
  A ragged hierophant (Desolation)
  An ogre mage (Depths:2)
  A dancing weapon (Vaults:2)
  2 sun demons
  A golden dragon zombie (Hell)
  An unseen horror (D:12)
  An ironbrand convoker (Desolation)
  A gelid demonspawn (Pan)
  An anaconda skeleton (Geh:7)
  A shadow dragon skeleton (Geh:7)
  An elephant (Lair:4)
  A moth of wrath (Zot:4)
  An apocalypse crab (Abyss:1)
  A yaktaur (Vaults:5)
  A wind drake (Depths:5)
  An air elemental (Elf:1)
  A wraith (Geh:7)
  A merfolk skeleton (Coc:7)
  A swamp drake (Depths:5)
  2 ogres (Vaults:5)
  2 boggarts
  A bullfrog (D:13)
  2 wights
  A crimson imp (D:13)
  2 iron imps
  A shadow imp (Abyss:2)
  An adder skeleton (D:9)
  18 fungi
  3 lurking horrors
  2 pillars of salt (Pan)
  46 plants
  33 starspawn tentacles
  15 tentacles
  16 withered plants (Crypt:3)
181 creatures vanquished.

Grand Total: 5699 creatures vanquished

Notes
Turn   | Place    | Note
-------+----------+-------------------------------------------
     0 | D:1      | Faca the Merfolk Gladiator began the quest for the Orb.
     0 | D:1      | Reached XP level 1. HP: 16/16 MP: 1/1
   189 | D:1      | Reached XP level 2. HP: 23/23 MP: 2/2
   288 | D:1      | Reached skill level 5 in Polearms
   530 | D:1      | Reached XP level 3. HP: 29/29 MP: 3/3
  1120 | D:2      | Noticed Robin
  1414 | D:2      | Noticed Jessica
  1423 | D:2      | Killed Jessica
  1423 | D:2      | Reached XP level 4. HP: 30/37 MP: 4/4
  2149 | D:2      | Killed Robin
  2382 | D:3      | Reached XP level 5. HP: 42/42 MP: 5/5
  2466 | D:3      | Found a transporter.
  2485 | D:3      | Noticed chaoswolf's ghost (amateur DsBe)
  2500 | D:3      | Found a transporter.
  2711 | D:3      | Found a radiant altar of Vehumet.
  3063 | D:4      | Found an ornate altar of the Wu Jian Council.
  3069 | D:4      | Noticed Duvessa
  3101 | D:4      | Killed Duvessa
  3101 | D:4      | Reached skill level 5 in Fighting
  3101 | D:4      | Reached XP level 6. HP: 20/51 MP: 6/6
  3284 | D:4      | Noticed Dowan
  3314 | D:4      | Killed Dowan
  3663 | D:4      | Reached XP level 7. HP: 57/57 MP: 7/7
  3825 | D:4      | Found a staircase to the Ecumenical Temple.
  3888 | Temple   | Entered the Ecumenical Temple
  4054 | Temple   | Became a worshipper of Warmaster Okawaru
  4108 | D:4      | Noticed Eustachio
  4124 | D:4      | Killed Eustachio
  4231 | D:4      | Found Tosaytso's Food Shoppe.
  4849 | D:3      | Killed chaoswolf's ghost
  4849 | D:3      | Reached skill level 10 in Polearms
  4849 | D:3      | Reached XP level 8. HP: 23/67 MP: 8/8
  5091 | D:5      | Entered Level 5 of the Dungeon
  5428 | D:5      | Noticed Menkaure
  5436 | D:5      | Killed Menkaure
  5436 | D:5      | Reached * piety under Okawaru
  5530 | D:5      | Found a glowing drain.
  5534 | Sewer    | Entered a sewer
  6215 | D:5      | Found a blossoming altar of Fedhas.
  6232 | D:5      | Found a runed translucent gate.
  6236 | D:5      | Found a runed translucent gate.
  6236 | D:5      | Found a runed translucent gate.
  6239 | D:5      | Found a runed translucent door.
  6239 | D:5      | Found a runed translucent door.
  6267 | D:5      | Found the +9 staff of Olgreb {rPois}
  6287 | D:5      | Reached skill level 1 in Shields
  6504 | D:5      | Reached XP level 9. HP: 66/75 MP: 9/9
  6550 | D:5      | Reached ** piety under Okawaru
  6567 | D:5      | Reached skill level 5 in Dodging
  6866 | D:6      | Got a twisted ring mail
  6888 | D:6      | Identified the +1 ring mail "Povvoj Deppa" {Int+2} (You
                  | found it on level 6 of the Dungeon)
  7707 | D:7      | Found an iron altar of Okawaru.
  7862 | D:7      | Reached *** piety under Okawaru
  7980 | D:7      | Found a sand-covered staircase.
  7987 | Ossuary  | Entered an ossuary
  8340 | Ossuary  | Reached XP level 10. HP: 84/84 MP: 10/10
  8929 | D:8      | Reached **** piety under Okawaru
  8931 | D:8      | Reached skill level 10 in Fighting
  9164 | D:8      | Reached skill level 5 in Shields
  9373 | D:8      | Got an ichor-stained hand axe
  9374 | D:8      | Identified the +2 hand axe "Waruuphu" {freeze, rN+} (You
                  | found it on level 8 of the Dungeon)
 10187 | D:9      | Noticed a two-headed ogre
 10198 | D:9      | Killed a two-headed ogre
 10198 | D:9      | Reached ***** piety under Okawaru
 10366 | D:9      | Found Ugiulu's Magic Scroll Shoppe.
 10428 | D:9      | Noticed a two-headed ogre
 10649 | D:9      | Killed a two-headed ogre
 10649 | D:9      | Reached XP level 11. HP: 82/92 MP: 11/11
 10704 | D:9      | Found a roughly hewn altar of Beogh.
 11308 | D:9      | Found a deep blue altar of Sif Muna.
 11571 | D:9      | Noticed a two-headed ogre
 11652 | D:8      | Killed a two-headed ogre
 11652 | D:8      | Received a gift from Okawaru
 11808 | D:9      | Reached skill level 10 in Dodging
 11913 | D:9      | Received a gift from Okawaru
 12030 | D:10     | Entered Level 10 of the Dungeon
 12030 | D:10     | Noticed a two-headed ogre
 12106 | D:10     | Found a flagged portal.
 12124 | Bailey   | Entered a bailey
 13044 | D:10     | Found Vavenis's Jewellery Shoppe.
 13048 | D:10     | Bought a cursed ring of attention for 49 gold pieces
 13061 | D:10     | Reached ****** piety under Okawaru
 13067 | D:10     | Killed a two-headed ogre
 13067 | D:10     | Reached skill level 1 in Armour
 13088 | D:10     | Received a gift from Okawaru
 13109 | D:10     | Found a staircase to the Lair.
 13374 | D:10     | Reached XP level 12. HP: 92/102 MP: 12/12
 13674 | D:11     | Noticed a two-headed ogre
 13701 | D:11     | Killed a two-headed ogre
 13987 | D:11     | Found a staircase to the Orcish Mines.
 14044 | D:11     | Noticed a two-headed ogre
 14069 | D:11     | Killed a two-headed ogre
 14686 | D:11     | Received a gift from Okawaru
 14988 | D:12     | Noticed an ettin
 15081 | Lair:1   | Entered Level 1 of the Lair of Beasts
 15985 | Lair:1   | Received a gift from Okawaru
 15995 | Lair:2   | Noticed a seven-headed hydra
 15995 | Lair:2   | Noticed a seven-headed hydra
 16138 | Lair:2   | Killed a seven-headed hydra
 16138 | Lair:2   | Reached skill level 5 in Armour
 16138 | Lair:2   | Reached skill level 1 in Invocations
 16293 | Lair:2   | Got a faintly glowing ring mail
 16308 | Lair:1   | Identified the +7 ring mail of Amelioration {*Slow Int+7}
                  | (You found it on level 2 of the Lair of Beasts)
 16310 | Lair:1   | Identified a scroll of acquirement
 16311 | Lair:1   | Got an ancient turquoise ring
 16313 | Lair:1   | Identified the ring of the Princess {rElec rPois rF+ rN+
                  | Str-5} (You acquired it on level 1 of the Lair of Beasts)
 16326 | Lair:2   | Received a gift from Okawaru
 16623 | Lair:2   | Killed a seven-headed hydra
 16623 | Lair:2   | Reached XP level 13. HP: 80/113 MP: 15/15
 17184 | Lair:2   | Found a runed translucent gate.
 17186 | Lair:2   | Found a runed translucent gate.
 17190 | Lair:2   | Found a runed translucent gate.
 17191 | Lair:2   | Noticed Vorom's ghost (journeyman GrFi)
 17191 | Lair:2   | Noticed Woatraot's ghost (journeyman MiFi)
 17720 | Lair:3   | Reached skill level 10 in Shields
 18094 | Lair:3   | Reached skill level 5 in Invocations
 18403 | Lair:4   | Found a hole to the Spider Nest.
 18539 | Lair:4   | Reached skill level 15 in Fighting
 18549 | Lair:4   | Received a gift from Okawaru
 18569 | Lair:4   | Got a heavily runed scale mail {god gift}
 18580 | Lair:4   | Identified the +2 scale mail of Happiness {Stlth+} (Okawaru
                  | gifted it to you on level 4 of the Lair of Beasts)
 18630 | Lair:4   | Noticed Josephine
 18676 | Lair:4   | Killed Josephine
 18719 | Lair:4   | Found a staircase to the Shoals.
 19726 | Lair:5   | Found a transporter.
 20154 | Lair:5   | Got a pair of pitted gloves
 20165 | Lair:5   | Identified the +2 pair of gloves of the Snake Pit {rElec
                  | Int-4 Slay+2} (You found it on level 5 of the Lair of
                  | Beasts)
 20309 | Lair:5   | Found a transporter.
 20313 | Lair:5   | Noticed Myef's ghost (journeyman CeFi)
 20528 | Lair:6   | Entered Level 6 of the Lair of Beasts
 20564 | Lair:5   | Reached XP level 14. HP: 96/124 MP: 19/19
 20701 | Lair:6   | Found a staircase to the Slime Pits.
 21396 | Lair:6   | Received a gift from Okawaru
 21410 | Lair:6   | Got a slimy shield {god gift}
 21421 | Lair:6   | Identified the +0 shield of Hopscotch {rF+ MR+ rCorr}
                  | (Okawaru gifted it to you on level 6 of the Lair of Beasts)
 23093 | Lair:6   | Received a gift from Okawaru
 23216 | Lair:6   | Got a crystal dagger {god gift}
 23248 | Lair:6   | Got a scintillating turquoise ring
 23256 | Lair:6   | Identified the ring of the Monkey's Uncle {Fire Int+2} (You
                  | found it on level 6 of the Lair of Beasts)
 23291 | Lair:6   | Reached skill level 10 in Armour
 23612 | Lair:2   | Killed Woatraot's ghost
 23656 | Lair:2   | Killed Vorom's ghost
 23656 | Lair:2   | Reached skill level 1 in Short Blades
 23962 | Orc:1    | Entered Level 1 of the Orcish Mines
 24531 | Orc:1    | Reached skill level 15 in Polearms
 24541 | Orc:1    | Noticed a stone giant
 24564 | Orc:1    | Killed a stone giant
 24820 | Orc:1    | Reached XP level 15. HP: 133/133 MP: 21/21
 24868 | Orc:1    | Received a gift from Okawaru
 25213 | Orc:2    | Entered Level 2 of the Orcish Mines
 26095 | Orc:2    | Found Beibuass's General Store.
 26095 | Orc:2    | Found Iqedaq's Distillery.
 26258 | Orc:2    | Found a roughly hewn altar of Beogh.
 26458 | Orc:2    | Found Nuefyul's Magic Scroll Shoppe.
 26458 | Orc:2    | Found Savidgh's Food Boutique.
 26480 | Orc:2    | Found a staircase to the Elven Halls.
 27052 | D:11     | Received a gift from Okawaru
 27439 | D:12     | Noticed Rupert
 27495 | D:11     | Killed Rupert
 27495 | D:11     | Reached skill level 10 in Invocations
 27731 | D:12     | Received a gift from Okawaru
 29255 | D:13     | Found a gate to the Vaults.
 29344 | D:13     | Noticed Jorgrun
 29381 | D:13     | Killed Jorgrun
 29381 | D:13     | Reached skill level 5 in Throwing
 29721 | D:13     | Reached XP level 16. HP: 128/140 MP: 23/23
 30006 | D:13     | Noticed Azrael
 30134 | D:13     | Killed Azrael
 30146 | D:13     | Reached XP level 17. HP: 93/147 MP: 24/24
 30450 | D:9      | Bought a scroll of acquirement for 676 gold pieces
 30450 | D:9      | Bought a scroll of acquirement for 676 gold pieces
 30451 | D:9      | Got a translucent ivory amulet
 30452 | D:9      | Identified the amulet of Salaroaz {+Rage Int+5} (You
                  | acquired it on level 9 of the Dungeon)
 30478 | D:9      | Upgraded the game from 0.24-a0-525-g9231cdc to
                  | 0.24-a0-528-g98e85ec
 30604 | Shoals:1 | Entered Level 1 of the Shoals
 30824 | Shoals:1 | Received a gift from Okawaru
 32279 | Shoals:2 | Found Joewuepo's Distillery.
 32319 | Shoals:2 | Bought a potion of mutation for 104 gold pieces
 33712 | Shoals:3 | Identified the +0 ring mail of Apathy {rCorr Str-4 Int+10
                  | Dex+2} (You found it on level 3 of the Shoals)
 34083 | Shoals:4 | Entered Level 4 of the Shoals
 34423 | Shoals:4 | Noticed Bai Suzhen
 34512 | Shoals:4 | Received a gift from Okawaru
 35673 | Shoals:3 | Received a gift from Okawaru
 35676 | Shoals:3 | Got an iridescent spear {god gift}
 35677 | Shoals:3 | Identified the +1 spear "Xuwn" {drain, rF+ Str+7} (Okawaru
                  | gifted it to you on level 3 of the Shoals)
 35791 | Shoals:4 | Got a barnacled rune of Zot
 35796 | Shoals:4 | Got a fine chain mail
 35806 | Shoals:4 | Noticed a kraken
 36134 | Shoals:4 | Identified the +0 chain mail "Xelowof" {Int+3} (You found
                  | it on level 4 of the Shoals)
 37032 | Shoals:4 | Reached XP level 18. HP: 109/154 MP: 25/25
 38288 | Shoals:4 | Received a gift from Okawaru
 39377 | Lair:5   | Got a bound pewter ring
 39422 | Lair:5   | Killed Myef's ghost
 39422 | Lair:5   | Reached skill level 15 in Shields
 39424 | Lair:5   | Got a coiled bronze ring
 39427 | Lair:5   | Identified the ring "Eris" {MR+ AC+2} (You found it on
                  | level 5 of the Lair of Beasts)
 39433 | Lair:5   | Identified the ring "Binguss" {Dex+3 SInv Stlth-} (You
                  | found it on level 5 of the Lair of Beasts)
 39598 | D:9      | Bought a scroll of identify for 26 gold pieces
 39598 | D:9      | Bought a scroll of enchant weapon for 97 gold pieces
 39598 | D:9      | Bought a scroll of enchant armour for 97 gold pieces
 39598 | D:9      | Bought a scroll of identify for 26 gold pieces
 39598 | D:9      | Bought a scroll of identify for 26 gold pieces
 39734 | Spider:1 | Entered Level 1 of the Spider Nest
 39757 | Spider:1 | Received a gift from Okawaru
 40223 | Lair:4   | Reached skill level 10 in Throwing
 40825 | Spider:1 | Found a roughly hewn altar of Beogh.
 40915 | Spider:1 | Got a faintly humming ring mail
 40926 | Spider:1 | Identified the cursed +0 ring mail of the Locust {-Cast
                  | -Tele rElec Regen+} (You found it on level 1 of the Spider
                  | Nest)
 40942 | Spider:1 | Got a scorched ring mail
 40948 | Spider:1 | Identified the +6 ring mail of the Commoners {rPois rF-
                  | Str+3} (You found it on level 1 of the Spider Nest)
 41342 | Spider:1 | Received a gift from Okawaru
 41345 | Spider:1 | Got a faintly humming hat {god gift}
 41356 | Spider:1 | Identified the +0 hat "Efroqeawk" {*Corrode Dex+5 SInv}
                  | (Okawaru gifted it to you on level 1 of the Spider Nest)
 41431 | Spider:1 | Found a runed translucent door.
 41431 | Spider:1 | Found a shimmering altar of Xom.
 41431 | Spider:1 | Noticed Lucherd's ghost (adept FoFi)
 41431 | Spider:1 | Identified the +2 broad axe of Mastery {chaos, Int-5 Dex+6}
 41469 | Spider:1 | Reached skill level 15 in Dodging
 41517 | Spider:2 | Found a frozen archway.
 41639 | IceCv    | Entered an ice cave
 42420 | IceCv    | Noticed an Ice Fiend
 42450 | IceCv    | Killed an Ice Fiend
 42813 | IceCv    | Found the +0 pair of fencer's gloves {Riposte Dex+3}
 42820 | IceCv    | Got a pair of ichor-stained boots
 42847 | IceCv    | Identified the +2 pair of boots of Subjectivity {rPois MR+
                  | MP+9 Str+4} (You found it in an ice cave)
 45230 | Spider:2 | Received a gift from Okawaru
 45421 | Spider:3 | Reached XP level 19. HP: 133/161 MP: 26/26
 45578 | Spider:3 | Received a gift from Okawaru
 46268 | Spider:4 | Entered Level 4 of the Spider Nest
 46975 | Spider:4 | Identified the +14 plate armour "Yrhogiat" {Str+6} (You
                  | found it on level 4 of the Spider Nest)
 47017 | Spider:4 | Identified the +4 trident "Fogietai" {pierce, Dex+3 Stlth+}
                  | (You found it on level 4 of the Spider Nest)
 48683 | Spider:4 | Found a runed translucent door.
 48683 | Spider:4 | Noticed flyingllamaman's ghost (adept DsFi)
 48729 | Spider:4 | Killed flyingllamaman's ghost
 48777 | Spider:4 | Got a gossamer rune of Zot
 49294 | D:14     | Noticed Louise
 49362 | D:14     | Killed Louise
 49362 | D:14     | Received a gift from Okawaru
 49855 | D:15     | Entered Level 15 of the Dungeon
 50539 | D:14     | Received a gift from Okawaru
 50668 | D:15     | Reached XP level 20. HP: 167/168 MP: 27/27
 50776 | D:15     | Found a staircase to the Depths.
 50930 | D:15     | Identified the +12 scimitar of Reapportionment {drain,
                  | +Rage SInv}
 50975 | D:15     | Identified the ring of Royalty {Fire MR++}
 51129 | Vaults:1 | Entered Level 1 of the Vaults
 51140 | Vaults:1 | Received a gift from Okawaru
 51231 | Vaults:1 | Received a gift from Okawaru
 51274 | Vaults:1 | Got a dazzling plate armour {god gift}
 51275 | Vaults:1 | Identified the +1 plate armour "Bexas" {Str+3} (Okawaru
                  | gifted it to you on level 1 of the Vaults)
 51403 | Vaults:1 | Found Otughuez's Gadget Shop.
 51523 | Vaults:1 | Found a ruined gateway.
 51585 | Desolati | Entered the Desolation of Salt
 51945 | Desolati | Identified the +9 spear "Femahum" {holy, Fragile Str+5}
 51945 | Desolati | Identified the ring of the Cicada {rPois rN+ Int+3}
 52320 | Desolati | Got a fine amber ring
 52321 | Desolati | Identified the ring of Spite {MR+ EV+3} (You found it in
                  | the Desolation of Salt)
 52328 | Desolati | Identified the Catalogue of Blistering Aid
 52629 | Desolati | Identified Jiaskiez's Handbook of Fiery Good Luck
 52632 | Desolati | Identified the Reference Book on the Boosting Rocks
 52640 | Desolati | Identified the cursed +0 trident of Naasaha {pierce, *Noise
                  | rPois MR+} (You found it in the Desolation of Salt)
 52917 | Desolati | Identified the Catalogue of Unholy Earth
 52925 | Desolati | Got a faintly glowing steel amulet
 52927 | Desolati | Identified the amulet "Ezxom" {Harm *Drain rC+ Int+6 SInv}
                  | (You found it in the Desolation of Salt)
 52928 | Desolati | Identified the Guide on Talismans and the Snowflakes
 53128 | Vaults:1 | Received a gift from Okawaru
 53583 | Vaults:1 | Found a large runed translucent door.
 53583 | Vaults:1 | Found a large runed translucent door.
 53583 | Vaults:1 | Noticed Orei's ghost (veteran DsWn)
 53583 | Vaults:1 | Noticed Kev Keca's ghost (master BaWr)
 54058 | Vaults:2 | Reached XP level 21. HP: 178/178 MP: 28/28
 54231 | Vaults:2 | Received a gift from Okawaru
 54756 | Vaults:2 | Noticed Asterion
 54782 | Vaults:2 | Killed Asterion
 55149 | Vaults:2 | Found a runed translucent door.
 55149 | Vaults:2 | Found a shimmering altar of Xom.
 55149 | Vaults:2 | Noticed Osocluem's ghost (veteran SpEn)
 55163 | Vaults:2 | Killed Osocluem's ghost
 55242 | Vaults:2 | Noticed Aizul
 55251 | Vaults:2 | Killed Aizul
 55403 | Vaults:3 | Noticed Jory
 55431 | Vaults:3 | Killed Jory
 55431 | Vaults:3 | Received a gift from Okawaru
 56179 | Vaults:3 | Received a gift from Okawaru
 56603 | Vaults:3 | Received a gift from Okawaru
 56641 | Vaults:3 | Identified the +8 lajatang of the Hidden Demons {flame,
                  | +Inv rC+ Stlth+} (Okawaru gifted it to you on level 3 of
                  | the Vaults)
 56664 | Vaults:3 | Reached skill level 15 in Throwing
 57130 | Vaults:3 | Found a staircase to the Crypt.
 57600 | Vaults:4 | Upgraded the game from 0.24-a0-528-g98e85ec to
                  | 0.24-a0-529-g0b98641
 57632 | Vaults:4 | Reached XP level 22. HP: 188/188 MP: 29/29
 57745 | Vaults:4 | Received a gift from Okawaru
 58284 | Vaults:4 | Received a gift from Okawaru
 58499 | Vaults:4 | Received a gift from Okawaru
 58759 | Vaults:4 | Received a gift from Okawaru
 59282 | Elf:1    | Entered Level 1 of the Elven Halls
 59795 | Elf:1    | Noticed Nikola
 59816 | Elf:1    | Killed Nikola
 60010 | Elf:1    | Noticed Agnes
 60015 | Elf:1    | Killed Agnes
 60288 | Elf:2    | Found a runed translucent gate.
 60288 | Elf:2    | Found a runed translucent gate.
 60295 | Elf:2    | Found a runed translucent gate.
 60631 | Elf:2    | Reached XP level 23. HP: 198/198 MP: 30/30
 60862 | Elf:2    | Noticed Saint Roka
 60916 | Elf:2    | Killed Saint Roka
 61135 | Elf:2    | Received a gift from Okawaru
 61409 | Elf:3    | Entered Level 3 of the Elven Halls
 61471 | Elf:3    | Identified Roxanne's Almanac of Transmutation
 61471 | Elf:3    | Noticed Roxanne
 62263 | Elf:3    | Received a gift from Okawaru
 62864 | Elf:3    | Identified the Compendium of Ashen Venom
 63053 | Elf:3    | Killed Roxanne
 63503 | Depths:1 | Entered Level 1 of the Depths
 64268 | Depths:1 | Found a gateway to Hell.
 64588 | Depths:2 | Reached XP level 24. HP: 208/208 MP: 32/32
 64630 | Depths:2 | Received a gift from Okawaru
 64774 | Depths:1 | Received a gift from Okawaru
 65182 | Depths:2 | Found the +5 scythe "Finisher" {speed, eviscerate}
 66452 | Depths:3 | Found a corrupted altar of Lugonu.
 66452 | Depths:3 | Found a one-way gate to the infinite horrors of the Abyss.
 66674 | Depths:3 | Noticed a juggernaut
 66692 | Depths:3 | Killed a juggernaut
 66894 | Depths:3 | Noticed Mennas
 66930 | Depths:3 | Killed Mennas
 66955 | Depths:3 | Received a gift from Okawaru
 66985 | Depths:3 | Identified the +7 spear "Lianlanwy" {freeze, rF+ rC+ Str+4}
                  | (Okawaru gifted it to you on level 3 of the Depths)
 67038 | Depths:3 | Found a one-way gate leading to the halls of Pandemonium.
 67436 | Depths:4 | Found a bloodstained altar of Trog.
 67596 | Depths:4 | Found a gateway to a ziggurat.
 67839 | Depths:4 | Reached XP level 25. HP: 214/214 MP: 33/33
 68026 | Depths:4 | Received a gift from Okawaru
 68235 | Depths:4 | Received a gift from Okawaru
 68583 | Depths:4 | Received a gift from Okawaru
 68885 | Depths:5 | Entered Level 5 of the Depths
 68943 | Depths:5 | Noticed a juggernaut
 68964 | Depths:5 | Killed a juggernaut
 68964 | Depths:5 | Reached skill level 15 in Invocations
 70079 | Depths:5 | Received a gift from Okawaru
 70080 | Depths:5 | Found the +4 skin of Zhor {Hibernate rC+++ SInv}
 70625 | Depths:5 | Found a runed translucent gate.
 70627 | Depths:5 | Found a runed translucent gate.
 70628 | Depths:5 | Found a runed translucent gate.
 70628 | Depths:5 | Noticed Nashrecw's ghost (veteran HOFi)
 70720 | Depths:5 | Found a gate to the Realm of Zot.
 71375 | Shoals:4 | Killed Bai Suzhen
 71876 | Spider:1 | Killed Lucherd's ghost
 72196 | Vaults:1 | Killed Kev Keca's ghost
 72885 | Vaults:1 | Killed Orei's ghost
 72885 | Vaults:1 | Reached XP level 26. HP: 121/222 MP: 35/35
 73542 | D:10     | Bought an uncursed ring of resist corrosion for 220 gold
                  | pieces
 73542 | D:10     | Bought an uncursed amulet of regeneration for 330 gold
                  | pieces
 73542 | D:10     | Bought an uncursed amulet of the gourmand for 330 gold
                  | pieces
 73544 | D:10     | Bought an uncursed ring of see invisible for 165 gold
                  | pieces
 73789 | Vaults:5 | Entered Level 5 of the Vaults
 73861 | Vaults:5 | Received a gift from Okawaru
 73875 | Vaults:4 | Received a gift from Okawaru
 74100 | Vaults:4 | Received a gift from Okawaru
 74215 | Vaults:5 | Gained mutation: Your body sometimes deteriorates upon
                  | taking damage. [a shining eye]
 74356 | Vaults:5 | Received a gift from Okawaru
 74622 | Vaults:4 | Received a gift from Okawaru
 74959 | Vaults:5 | Received a gift from Okawaru
 75531 | Vaults:5 | Received a gift from Okawaru
 75558 | Vaults:5 | Reached skill level 27 in Polearms
 75956 | Vaults:5 | Identified the ring "Tikynor" {rElec rN+ Str+3} (You found
                  | it on level 5 of the Vaults)
 76094 | Vaults:5 | Reached XP level 27. HP: 220/228 MP: 35/35
 76246 | Vaults:5 | Identified the +1 scale mail "Bil Hook" {rPois rF+ Str+5}
                  | (You found it on level 5 of the Vaults)
 76378 | Vaults:5 | Received a gift from Okawaru
 76818 | Vaults:5 | Got a silver rune of Zot
 77298 | Zot:1    | Entered Level 1 of the Realm of Zot
 77421 | Zot:1    | HP: 9/228 [deathcap/drain life[a curse toe] (7)]
 79924 | Zot:2    | Identified the +1 chain mail of the Moon {-Cast rPois rF-
                  | MR++} (You found it on level 2 of the Realm of Zot)
 80178 | Zot:2    | Received a gift from Okawaru
 80424 | Zot:2    | Got a pitted jade ring
 80425 | Zot:2    | Identified the ring "Mocuptoz" {Ice rN+ Str-2 Dex+9} (You
                  | acquired it on level 2 of the Realm of Zot)
 80969 | Zot:3    | You fall into a shaft and drop 1 floor!
 81294 | Zot:4    | Noticed an orb of fire
 81359 | Zot:4    | Gained mutation: You are covered in fur. (AC +1) [an orb of
                  | fire]
 81389 | Zot:4    | Killed an orb of fire
 81389 | Zot:4    | Received a gift from Okawaru
 83155 | Zot:4    | Received a gift from Okawaru
 83333 | Zot:4    | Received a gift from Okawaru
 83427 | Zot:4    | Received a gift from Okawaru
 84075 | Zot:5    | Entered Level 5 of the Realm of Zot
 84096 | Zot:5    | Received a gift from Okawaru
 84099 | Zot:5    | Identified the +9 plate armour of the Well-Known Places
                  | {rN+ Regen+} (Okawaru gifted it to you on level 5 of the
                  | Realm of Zot)
 84103 | Zot:5    | Identified the +2 shield "Casmurgh" {rPois rCorr} (You
                  | found it on level 5 of the Realm of Zot)
 84478 | Zot:5    | Noticed an ancient lich
 84494 | Zot:5    | Killed an ancient lich
 84623 | Zot:5    | Identified the +2 ring mail "Samasym" {rN+ Regen+ Int+4}
                  | (You found it on level 5 of the Realm of Zot)
 84677 | Zot:5    | Found a runed translucent gate.
 84678 | Zot:5    | Found a runed translucent gate.
 84678 | Zot:5    | Found a runed translucent gate.
 84680 | Zot:5    | Noticed an ancient lich
 84681 | Zot:5    | Noticed logorrheac's ghost (legendary GrEE)
 84873 | Zot:5    | Noticed an ancient lich
 84889 | Zot:5    | Killed an ancient lich
 85144 | Zot:5    | Noticed an orb of fire
 85146 | Zot:5    | Noticed an orb of fire
 85147 | Zot:5    | Gained mutation: You occasionally shout uncontrollably at
                  | your foes. [an orb of fire]
 85162 | Zot:5    | Gained mutation: Scrolls take you a little longer to read.
                  | [an orb of fire]
 85177 | Zot:5    | Gained mutation: You are dopey. (Int -2) [an orb of fire]
 85178 | Zot:5    | Noticed an orb of fire
 85215 | Zot:4    | Gained mutation: Your flesh is cold resistant. (rC+) [an
                  | orb of fire]
 85217 | Zot:4    | Killed an orb of fire
 85458 | Zot:5    | Noticed an orb of fire
 85458 | Zot:5    | Gained mutation: Your spells are a little easier to cast,
                  | but a little less powerful. [an orb of fire]
 85483 | Zot:5    | Gained mutation: You are clumsy. (Dex -2) [an orb of fire]
 85489 | Zot:5    | Killed an orb of fire
 85504 | Zot:5    | Noticed an orb of fire
 85511 | Zot:5    | Lost mutation: You are dopey. (Int -2) [an orb of fire]
 85513 | Zot:5    | Gained mutation: You are dopey. (Int -2) [an orb of fire]
 85663 | Zot:5    | Lost mutation: You are covered in fur. (AC +1) [an orb of
                  | fire]
 85663 | Zot:5    | Gained mutation: You are frail. (-10% HP) [an orb of fire]
 85683 | Zot:4    | Killed an orb of fire
 85683 | Zot:4    | Received a gift from Okawaru
 85817 | Zot:4    | Gained mutation: You are very clumsy. (Dex -4) [an orb of
                  | fire]
 85823 | Zot:4    | Gained mutation: Your magical capacity is low. (-10% MP)
                  | [an orb of fire]
 85833 | Zot:4    | Killed an orb of fire
 85919 | Zot:5    | Gained mutation: Armour fits poorly on your strangely
                  | shaped body. [an orb of fire]
 85930 | Zot:5    | Killed an orb of fire
 85931 | Zot:5    | Noticed an orb of fire
 85943 | Zot:5    | Gained mutation: You sometimes yell uncontrollably at your
                  | foes. [an orb of fire]
 85959 | Zot:5    | Killed an orb of fire
 86099 | Zot:5    | Noticed an orb of fire
 86105 | Zot:5    | Gained mutation: You are very frail. (-20% HP) [an orb of
                  | fire]
 86125 | Zot:5    | Gained mutation: You are extremely frail. (-30% HP) [an orb
                  | of fire]
 86151 | Zot:5    | Killed an orb of fire
 86315 | Zot:5    | Lost mutation: Armour fits poorly on your strangely shaped
                  | body. [potion of mutation]
 86315 | Zot:5    | Lost mutation: Your magical capacity is low. (-10% MP)
                  | [potion of mutation]
 86315 | Zot:5    | Lost mutation: You are dopey. (Int -2) [potion of mutation]
 86315 | Zot:5    | Lost mutation: You are extremely frail. (-30% HP) [potion
                  | of mutation]
 86315 | Zot:5    | Gained mutation: You are partially covered in large bone
                  | plates. (SH +4) [potion of mutation]
 86315 | Zot:5    | Gained mutation: You have a pair of small horns on your
                  | head. [potion of mutation]
 86316 | Zot:5    | Lost mutation: Scrolls take you a little longer to read.
                  | [potion of mutation]
 86316 | Zot:5    | Lost mutation: You are very frail. (-20% HP) [potion of
                  | mutation]
 86316 | Zot:5    | Gained mutation: You are partially covered in yellow
                  | scales. (AC +2) [potion of mutation]
 86316 | Zot:5    | Gained mutation: Your muscles are strong. (Str +2) [potion
                  | of mutation]
 86454 | Zot:5    | Received a gift from Okawaru
 86457 | Zot:5    | Identified the +10 trident of Karma {vamp, Str+4 SInv}
                  | (Okawaru gifted it to you on level 5 of the Realm of Zot)
 86811 | Zot:5    | Noticed an orb of fire
 86813 | Zot:5    | Lost mutation: Your muscles are strong. (Str +2) [an orb of
                  | fire]
 86837 | Zot:5    | Gained mutation: Your spells are easier to cast, but less
                  | powerful. [an orb of fire]
 86839 | Zot:5    | Killed an orb of fire
 87373 | Zot:5    | Killed an ancient lich
 87381 | Zot:5    | Received a gift from Okawaru
 87389 | Zot:5    | Killed logorrheac's ghost
 87677 | Depths:5 | Killed Nashrecw's ghost
 87677 | Depths:5 | Received a gift from Okawaru
 87894 | Depths:5 | Identified the +1 pair of boots of Tily {rPois rC+ rN+}
                  | (You found it on level 5 of the Depths)
 87896 | Depths:5 | Got a vibrating wooden ring
 87897 | Depths:5 | Identified the ring of Susu {*Tele Dex+3} (You found it on
                  | level 5 of the Depths)
 88411 | Lair:6   | Received a gift from Okawaru
 88455 | Slime:1  | Entered Level 1 of the Pits of Slime
 88889 | Slime:4  | Gained mutation: You tend to lose your temper in combat. [a
                  | shining eye]
 88911 | Slime:3  | Paralysed by a floating eye for 2 turns
 89110 | Slime:5  | Entered Level 5 of the Pits of Slime
 89294 | Slime:5  | Gained mutation: You do not regenerate when monsters are
                  | visible. [a shining eye]
 89311 | Slime:5  | Paralysed by a floating eye for 4 turns
 89315 | Slime:5  | Gained mutation: Your magical capacity is low. (-10% MP) [a
                  | shining eye]
 90166 | Slime:5  | Noticed the Royal Jelly
 90183 | Slime:5  | Killed the Royal Jelly
 90916 | Slime:5  | Got a slimy lead ring
 90917 | Slime:5  | Identified the cursed ring "Ariat" {AC-4 Dex+5} (You found
                  | it on level 5 of the Pits of Slime)
 90940 | Slime:5  | Identified the +6 ring mail of the Armoured One {rElec}
                  | (You found it on level 5 of the Pits of Slime)
 90946 | Slime:5  | Identified the +0 cloak of Wiabigomn {rF++ Int+4} (You
                  | found it on level 5 of the Pits of Slime)
 90953 | Slime:5  | Identified the Papyrus of Dark Secrets and Protection
 91007 | Slime:5  | Got a slimy rune of Zot
 91046 | Slime:5  | Identified the +9 trident of Bushriaff {flame, Int+6
                  | Stlth+} (You found it on level 5 of the Pits of Slime)
 91111 | Slime:2  | Gained mutation: You frequently scream uncontrollably at
                  | your foes. [a shining eye]
 91131 | Lair:6   | Lost mutation: Your magical capacity is low. (-10% MP)
                  | [potion of mutation]
 91131 | Lair:6   | Lost mutation: You are partially covered in yellow scales.
                  | (AC +2) [potion of mutation]
 91131 | Lair:6   | Gained mutation: Your muscles are strong. (Str +2) [potion
                  | of mutation]
 91132 | Lair:6   | Lost mutation: Your spells are easier to cast, but less
                  | powerful. [potion of mutation]
 91132 | Lair:6   | Lost mutation: You have a pair of small horns on your head.
                  | [potion of mutation]
 91132 | Lair:6   | Lost mutation: You are frail. (-10% HP) [potion of
                  | mutation]
 91132 | Lair:6   | Lost mutation: Your flesh is cold resistant. (rC+) [potion
                  | of mutation]
 91132 | Lair:6   | Lost mutation: You frequently scream uncontrollably at your
                  | foes. [potion of mutation]
 91132 | Lair:6   | Gained mutation: Armour fits poorly on your strangely
                  | shaped body. [potion of mutation]
 91132 | Lair:6   | Gained mutation: You are partially covered in thin metallic
                  | scales. (AC +2) [potion of mutation]
 91376 | Orc:2    | Bought a scroll of teleportation for 48 gold pieces
 91376 | Orc:2    | Bought a scroll of identify for 32 gold pieces
 91376 | Orc:2    | Bought a scroll of teleportation for 48 gold pieces
 91376 | Orc:2    | Bought 2 scrolls of silence for 240 gold pieces
 91376 | Orc:2    | Bought a scroll of blinking for 120 gold pieces
 91376 | Orc:2    | Bought a scroll of identify for 32 gold pieces
 91376 | Orc:2    | Bought a scroll of identify for 32 gold pieces
 91376 | Orc:2    | Bought a scroll of teleportation for 48 gold pieces
 91376 | Orc:2    | Bought a scroll of identify for 32 gold pieces
 91376 | Orc:2    | Bought a scroll of teleportation for 48 gold pieces
 91376 | Orc:2    | Bought a scroll of identify for 32 gold pieces
 91406 | Orc:2    | Bought a potion of curing for 45 gold pieces
 91406 | Orc:2    | Bought a potion of heal wounds for 75 gold pieces
 91406 | Orc:2    | Bought a potion of cancellation for 120 gold pieces
 92588 | Depths:5 | Voluntarily entered the Abyss.
 92734 | Abyss:1  | Noticed an ancient lich
 92762 | Abyss:1  | Killed an ancient lich
 93108 | Abyss:1  | Received a gift from Okawaru
 93109 | Abyss:1  | Paralysed by accursed screaming for 1 turns
 93284 | Abyss:2  | Found a snail-covered altar of Cheibriados.
 93581 | Abyss:2  | Reached skill level 15 in Armour
 93587 | Abyss:2  | Received a gift from Okawaru
 93590 | Abyss:2  | Got a jewelled chain mail {god gift}
 93591 | Abyss:2  | Identified the +0 chain mail of the Dropbear {rC- Str+10
                  | Dex-5} (Okawaru gifted it to you on level 2 of the Abyss)
 94062 | Abyss:3  | Reached skill level 27 in Dodging
 94325 | Abyss:3  | Noticed a juggernaut
 94347 | Abyss:3  | Killed a juggernaut
 94367 | Abyss:3  | Found a glowing golden altar of the Shining One.
 94418 | Abyss:3  | Got an abyssal rune of Zot
 94473 | Abyss:3  | Lost mutation: Your muscles are strong. (Str +2) [a
                  | neqoxec]
 94478 | Abyss:3  | Gained mutation: You are weak. (Str -2) [a neqoxec]
 94498 | Depths:5 | Escaped the Abyss
 94770 | Temple   | Fell from the grace of Okawaru
 94770 | Temple   | Became a worshipper of the Shining One
 95086 | Crypt:1  | Entered Level 1 of the Crypt
 95252 | Crypt:1  | Reached * piety under the Shining One
 95301 | Crypt:1  | Reached ** piety under the Shining One
 95537 | Crypt:1  | Reached *** piety under the Shining One
 96159 | Crypt:1  | Identified the Volume of Poisonous Transformation
 96272 | Crypt:1  | Reached **** piety under the Shining One
 97161 | Crypt:1  | Reached ***** piety under the Shining One
 97350 | Crypt:2  | Paralysed by a vampire knight for 4 turns
 98351 | Crypt:3  | Entered Level 3 of the Crypt
 98537 | Crypt:3  | Reached ****** piety under the Shining One
 99439 | Crypt:3  | Found a basalt altar of Yredelemnul.
 99651 | Crypt:3  | Got a twitching amber ring
 99652 | Crypt:3  | Identified the ring of Kokhlemp {MR+ AC+3 Int+8 Dex-4} (You
                  | found it on level 3 of the Crypt)
 99659 | Crypt:3  | Identified the Tome of Evil Magic
101097 | Crypt:3  | Noticed a greater mummy
101099 | Crypt:3  | Identified a +9 trishula of holy wrath (a +7 demon trident
                  | of freezing blessed by the Shining One)
101099 | Crypt:3  | Received a gift from the Shining One
101110 | Crypt:3  | Killed a greater mummy
101121 | Crypt:3  | Found a staircase to the Tomb.
101918 | Crypt:3  | Identified the Grimoire of Dislocated Transformation
101921 | Crypt:3  | Identified the +3 robe "Eriuxan" {+Fly Str+4} (You found it
                  | on level 3 of the Crypt)
102034 | Crypt:3  | Got an ancient iron ring
102035 | Crypt:3  | Identified the ring of the Tormentor {*Tele rElec MR++
                  | Str+3 Stlth+} (You found it on level 3 of the Crypt)
102603 | Hell     | Entered the Vestibule of Hell
102603 | Hell     | Noticed Geryon
102607 | Hell     | Noticed Murray
102631 | Hell     | Killed Murray
102636 | Hell     | Killed Geryon
102747 | Hell     | Found a gateway to the decaying netherworld of Tartarus.
102797 | Hell     | Found a gateway to the freezing wastes of Cocytus.
102871 | Hell     | Found a gateway to the Iron City of Dis.
102898 | Hell     | Found a gateway to the ashen valley of Gehenna.
103034 | Dis:1    | Entered Level 1 of the Iron City of Dis
103220 | Dis:1    | Was forgiven by Okawaru
104676 | Dis:4    | You fall into a shaft and drop 2 floors!
105003 | Dis:7    | Entered Level 7 of the Iron City of Dis
106792 | Dis:7    | Reached skill level 27 in Shields
106876 | Dis:7    | Identified the +10 lajatang of Instant Death {venom, rPois}
107742 | Dis:7    | Identified the +4 staff of Dispater
107742 | Dis:7    | Noticed Dispater
107791 | Dis:7    | Killed Dispater
107803 | Dis:7    | Got an iron rune of Zot
108017 | Tar:1    | Entered Level 1 of Tartarus
108341 | Tar:2    | Found a huge runed gate.
108342 | Tar:2    | Found a huge runed gate.
108342 | Tar:2    | Found a huge runed gate.
108342 | Tar:2    | Found a huge runed gate.
108343 | Tar:2    | Found a huge runed gate.
108345 | Tar:2    | Found a huge runed gate.
108401 | Tar:2    | Noticed an ancient lich
108408 | Tar:2    | Killed an ancient lich
108488 | Tar:2    | Gained mutation: Your flesh is cold resistant. (rC+)
                  | [mutagenic glow]
108779 | Tar:4    | Paralysed by a lich for 6 turns
109552 | Tar:7    | Entered Level 7 of Tartarus
110713 | Tar:7    | Noticed Ereshkigal
110730 | Tar:7    | Killed Ereshkigal
110742 | Tar:7    | Got a bone rune of Zot
110744 | Tar:7    | Identified Sif Muna's Papyrus of Unholy Shape Shifting
110861 | Tar:7    | Got a bound bone ring
110862 | Tar:7    | Identified the ring of Xom's Flight of Fancy {+Inv +Fly
                  | rN+} (You found it on level 7 of Tartarus)
111131 | Geh:1    | Entered Level 1 of Gehenna
111583 | Geh:7    | Entered Level 7 of Gehenna
112125 | Geh:7    | Identified the +7 sceptre of Asmodeus
112125 | Geh:7    | Noticed Asmodeus
112153 | Geh:7    | Killed Asmodeus
112185 | Geh:7    | Got an obsidian rune of Zot
112353 | Coc:1    | Entered Level 1 of Cocytus
113024 | Coc:5    | Gained mutation: You are frail. (-10% HP) [mutagenic glow]
113107 | Coc:7    | Entered Level 7 of Cocytus
113419 | Coc:7    | Reached skill level 27 in Fighting
113763 | Coc:7    | Noticed the Serpent of Hell
113779 | Coc:7    | Killed the Serpent of Hell
114136 | Coc:7    | Noticed Antaeus
114165 | Coc:7    | Killed Antaeus
114205 | Coc:7    | Got an icy rune of Zot
114584 | Pan      | Entered Pandemonium
114585 | Pan      | Gained mutation: You frequently scream uncontrollably at
                  | your foes. [a cacodemon]
114689 | Pan      | Gained mutation: Your body often deteriorates upon taking
                  | damage. [a cacodemon]
114940 | Pan      | Noticed Ukut the pandemonium lord
114959 | Pan      | Killed Ukut the pandemonium lord
115132 | Pan      | Noticed Huwnus the pandemonium lord
115135 | Pan      | Killed Huwnus the pandemonium lord
115174 | Pan      | Entered the realm of Gloorx Vloq.
115335 | Pan      | Noticed Gloorx Vloq
115351 | Pan      | Killed Gloorx Vloq
115640 | Pan      | Got a dark rune of Zot
115894 | Pan      | Noticed Evaxotet the pandemonium lord
115909 | Pan      | Killed Evaxotet the pandemonium lord
115935 | Pan      | Entered the realm of Cerebov.
115945 | Pan      | Reached skill level 27 in Throwing
115970 | Pan      | Identified the +6 sword of Cerebov {flame}
115970 | Pan      | Noticed Cerebov
116000 | Pan      | Killed Cerebov
116110 | Pan      | Got a flickering wooden ring
116111 | Pan      | Identified the ring "Goaqidon" {+Fly rElec rF+ Int+4} (You
                  | found it in Pandemonium)
116167 | Pan      | Identified Sif Muna's Compendium of Poisoning and Creation
116170 | Pan      | Got a twitching tin amulet
116171 | Pan      | Identified the amulet of the Tormentor {Spirit rF+ SInv
                  | Stlth-} (You found it in Pandemonium)
116177 | Pan      | Got a coiled tin ring
116178 | Pan      | Identified the ring of Bioh {rElec rN+ EV+4 Dex+2 Stlth-}
                  | (You found it in Pandemonium)
116235 | Pan      | Got a fiery rune of Zot
116393 | Pan      | Entered the realm of Mnoleg.
116419 | Pan      | Gained mutation: Your magical capacity is low. (-10% MP) [a
                  | neqoxec]
116433 | Pan      | Gained mutation: Scrolls take you a little longer to read.
                  | [a neqoxec]
116447 | Pan      | Paralysed by a floating eye for 4 turns
116457 | Pan      | Noticed Mnoleg
116470 | Pan      | Killed Mnoleg
116478 | Pan      | Paralysed by a floating eye for 4 turns
116478 | Pan      | Gained mutation: You are very frail. (-20% HP) [a
                  | cacodemon]
116479 | Pan      | Gained mutation: Your spells are easier to cast, but less
                  | powerful. [a neqoxec]
116487 | Pan      | Gained mutation: Potions are less effective at restoring
                  | your health. [a neqoxec]
116505 | Pan      | Gained mutation: You are very weak. (Str -4) [a neqoxec]
116530 | Pan      | Identified the Almanac of Aerial Summoning
116592 | Pan      | Got a glowing rune of Zot
116806 | Pan      | Found a transporter.
116810 | Pan      | Reached skill level 27 in Invocations
116812 | Pan      | Gained mutation: Scrolls take you longer to read. [a
                  | cacodemon]
116870 | Pan      | Found a transporter.
116898 | Pan      | Upgraded the game from 0.24-a0-529-g0b98641 to
                  | 0.24-a0-530-g18ba70b5
116988 | Pan      | Found an exit through the horrors of the Abyss.
116992 | Pan      | Entered the realm of Lom Lobon.
117726 | Pan      | Noticed Lom Lobon
117741 | Pan      | Killed Lom Lobon
117817 | Pan      | Got a magical rune of Zot
118538 | Pan      | Identified the cursed +0 pair of gloves of the Seven
                  | Princes {rN+ Str+3} (You found it in Pandemonium)
119046 | Pan      | Noticed Goun the pandemonium lord
119075 | Pan      | Killed Goun the pandemonium lord
119316 | Pan      | Found an exit through the horrors of the Abyss.
119369 | Pan      | Noticed Noewno the pandemonium lord
119386 | Pan      | Killed Noewno the pandemonium lord
119963 | Pan      | Got a wavering platinum amulet
119966 | Pan      | Identified the amulet "Beeloceo" {Harm *Drain MR+ MP+9
                  | Int+8 Dex-5} (You acquired it in Pandemonium)
119996 | Pan      | Noticed Wugeumet the pandemonium lord
120017 | Pan      | Killed Wugeumet the pandemonium lord
120240 | Depths:5 | Escaped Pandemonium
120536 | Temple   | Fell from the grace of the Shining One
120536 | Temple   | Became a worshipper of Zin the Law-Giver
120536 | Temple   | Reached * piety under Zin
120536 | Temple   | Reached ** piety under Zin
120536 | Temple   | Reached *** piety under Zin
120536 | Temple   | Reached **** piety under Zin
120536 | Temple   | Reached ***** piety under Zin
120538 | Temple   | Donated 3789 gold pieces to Zin
120539 | Temple   | Donated 1895 gold pieces to Zin
120660 | D:4      | Donated 947 gold pieces to Zin
120661 | D:4      | Donated 474 gold pieces to Zin
120759 | D:4      | Reached ****** piety under Zin
120760 | D:4      | Donated 237 gold pieces to Zin
120761 | D:4      | Donated 118 gold pieces to Zin
120869 | D:5      | Donated 59 gold pieces to Zin
121228 | Pan      | Entered Pandemonium
121293 | Pan      | Noticed Ipluisin the pandemonium lord
121337 | Pan      | Killed Ipluisin the pandemonium lord
121991 | Pan      | Found an exit through the horrors of the Abyss.
122514 | Pan      | Found an exit through the horrors of the Abyss.
122553 | Pan      | Noticed Aguraret the pandemonium lord
122577 | Pan      | Killed Aguraret the pandemonium lord
123240 | Pan      | Noticed Kessal the pandemonium lord
123263 | Pan      | Killed Kessal the pandemonium lord
123509 | Pan      | Found a runed translucent door.
124269 | Pan      | Found an exit through the horrors of the Abyss.
125443 | Pan      | Found an exit through the horrors of the Abyss.
126004 | Pan      | Noticed Gunopet the pandemonium lord
126028 | Pan      | Killed Gunopet the pandemonium lord
126629 | Pan      | Noticed Japicayff the pandemonium lord
126635 | Pan      | Identified the +1 scale mail of Gibuclif {rCorr} (You found
                  | it in Pandemonium)
126686 | Pan      | Killed Japicayff the pandemonium lord
126773 | Pan      | Identified the +7 dire flail "Vuggaox" {freeze, +Blink
                  | rElec}
127269 | Depths:3 | Escaped Pandemonium
127853 | Depths:3 | Voluntarily entered the Abyss.
128575 | Abyss:1  | Found a hide-covered altar of Uskayaw.
128696 | Abyss:1  | Paralysed by accursed screaming for 2 turns
128702 | Abyss:1  | Paralysed by accursed screaming for 2 turns
129989 | Depths:3 | Escaped the Abyss
130243 | Depths:3 | Voluntarily entered the Abyss.
130925 | Abyss:1  | Found a corrupted altar of Lugonu.
131032 | Abyss:1  | Reached skill level 1 in Evocations
131622 | Depths:3 | Escaped the Abyss
131982 | Zot:5    | Got the Orb of Zot
132347 | D:12     | Noticed a seraph
132460 | D:9      | Noticed Cemuv the pandemonium lord
132472 | D:9      | Killed Cemuv the pandemonium lord
132565 | D:4      | Reached skill level 5 in Evocations
132671 | D:3      | Noticed a seraph
132683 | D:3      | HP: 2/199 [daeva/divine providence[a seraph] (13)]
132688 | D:3      | Killed from afar by a daeva

Levels and vault maps discovered:
D:1:      wander_arrival_chamber, layout_loops_cross
D:2:      layout_loops_corners, uniq_robin, uniq_jessica
D:3:      layout_loops_cross, vehumet_crystals, first_ration,
          gammafunk_ghost_arena, minmay_misc_feat_tiny, grunt_ministairs_5
D:4:      layout_cave_pools, old_standard_altar, minmay_temple_entry_wispy,
          serial_shops, nicolae_shop_statue_plus, minmay_fountain_box,
          grunt_ministairs_8, minmay_pentangle, uniq_duvessa, uniq_eustachio
D:5:      kennysheep_spiral_hall, layout_rooms, old_standard_altar,
          gup_sewer_entry_bowl, minmay_guarded_unrand_staff_of_olgreb,
          uniq_menkaure
D:6:      layout_loops_ring
D:7:      layout_cave_pools, enter_ossuary_4, okawaru_metal_pillars_1_2
D:8:      minmay_imperfect_grid, layout_basic
D:9:      minmay_chambers_of_sevens, layout_irregular_city, lemuel_round_altar,
          serial_shops, shop, solitary_fountain, david_defended_altar_orc
D:10:     layout_loops_ring, grunt_lair_entry_orc_guard_hut, serial_shops,
          shop_statue, enter_bailey_7
D:11:     layout_long_grid, zombieorc1_lemuel
D:12:     minmay_ambush_box, layout_irregular_city, david_nohive_1, st_stairs_4,
          uniq_rupert
D:13:     kennysheep_ambush_hall, layout_irregular_city,
          lightli_vaults_fourway_checkpoint, uniq_jorgrun, uniq_azrael
D:14:     layout_roguey, skrybe_limestone_x, uniq_louise
D:15:     gammafunk_depths_entry_grave, layout_cross, laboratory
Temple:   eino_narrow_crystal_temple
Lair:1:   layout_loops_ring
Lair:2:   layout_roguey, gammafunk_ghost_cemetery,
          chequers_serial_rivers_large_b, beast_lair_carwin_2
Lair:3:   layout_roguey, serial_rivers, chequers_serial_rivers_large_a,
          chequers_serial_rivers_micro_a, chequers_serial_rivers_room_b,
          chequers_serial_rivers_micro_d, chequers_serial_rivers_small_b,
          chequers_serial_rivers_small_3
Lair:4:   layout_regular_city, minmay_shoals_entry_lonely_mermaid,
          spider_nest_entry_web_field, hangedman_lair_generics_rect,
          uniq_josephine
Lair:5:   layout_hall_layers, gammafunk_ghost_berserking_beasts
Lair:6:   grunt_lair_end_beastmaster, layout_misc_corridors, slime_dummy
Shoals:1: layout_shoals
Shoals:2: layout_shoals, serial_shops, shop
Shoals:3: layout_shoals
Shoals:4: shoals_end_grunt_garden, layout_shoals, nicolae_shoals_drake_roost,
          uniq_bai_suzhen
Spider:1: nicolae_spider_mines_2, ebering_ghost_xom, drop_trap,
          nicolae_spider_circle_web
Spider:2: layout_spider_delve, portal_ice_cave_entry_ice_statue_two, drop_trap,
          nicolae_orb_stairs
Spider:3: layout_spider_delve, spiders_nest_the_unseen
Spider:4: grunt_spider_rune_island, gammafunk_ghost_grave
Slime:1:  layout_caves
Slime:2:  layout_caves, uniq_dissolution
Slime:3:  layout_caves, cheibrodos_slime_lost_civilization_5
Slime:4:  layout_caves
Slime:5
Orc:1:    layout_diamond_mine
Orc:2:    st_orc_town, layout_caves
Elf:1:    minmay_elf_arrival_circle, layout_geoelf_octagon, minivault_28,
          moated_statue, palyth_stone_intersect, uniq_agnes, uniq_nikola
Elf:2:    layout_loops_ring, drop_trap, glass_columns_a, nrook_uturn,
          uniq_saint_roka
Elf:3:    elf_hall, layout_rooms, uniq_roxanne
Vaults:1: advil_vaults_ghost_guards, nicolae_vaults_network_quincunx
          [nicolae_vaults_network_quincunx_subvault,
          nicolae_vaults_network_quincunx_subvault,
          nicolae_vaults_network_quincunx_subvault,
          nicolae_vaults_network_quincunx_subvault,
          nicolae_vaults_network_quincunx_subvault],
          ontoclasm_vaults_ring_large, v_misc_11, vaults_dpeg_encased_lava,
          nicolae_vaults_little_squares_4, v_pattern_4,
          nicolae_vaults_shelves_hall, vaults_mumra_minichess_inversion,
          vaults_dpeg_diagonal, vaults_room_fancy_cross, layout_vaults_omnibox,
          portal_desolation_entry_salt, serial_shops, shop
Vaults:2: ebering_vaults_ghost_xom, v_misc_1, hangedman_vaults_nodes,
          hangedman_vaults_locks, v_misc_3, ontoclasm_vaults_ring_square,
          v_misc_31, layout_vaults_omnicross, uniq_aizul, uniq_asterion
Vaults:3: minmay_crypt_entry_simple_walls, vaults_room_stairs_pillars,
          ontoclasm_vaults_spin, ontoclasm_vaults_pinch,
          vaults_standard_mumra_x, vaults_room_grid,
          nicolae_vaults_specimen_jars, layout_vaults_omnigrid, uniq_jory
Vaults:4: v_misc_1, vaults_room_ringed_pool, v_misc_33, st_lattice, v_misc_5,
          vaults_mumra_hex, hangedman_vaults_stitches, vaults_mumra_hexcomb,
          ontoclasm_vaults_shuriken, v_misc_16, layout_vaults_ring
Vaults:5: serial_shops
Crypt:1:  hangedman_staggered_hall, layout_misc_corridors,
          grunt_crypt_arrival_split
Crypt:2:  layout_chaotic_city, uniq_boris
Crypt:3:  evilmike_haunted_forest
Depths:1: layout_cave_pools, hellmouth_1, minmay_misc_feat_alley,
          lemuel_old_faithful, serial_bayou_shore_b, serial_bayou_shore_a
Depths:2: hangedman_cross_cluster, layout_cave_pools, hell_entry,
          minmay_misc_feat_rows, kennysheep_small_circle
Depths:3: abrahamwl_protected_by_tso_1, layout_basic, hell_entry,
          abyss_entry_flame_altar, rand_demon_pan_entry_8, uniq_mennas
Depths:4: evilmike_pillar_path, layout_basic, enter_ziggurat_e, pan_entry,
          minmay_room_of_horrors, grunt_hell_entry_dis_old, lemuel_statue_altar
Depths:5: lemuel_castle_with_subvaults [lemuel_castle_interior_original],
          layout_basic, rand_demon_pan_entry_4, serial_corexii_hall,
          corexii_hall_statues_u, corexii_hall_statues_t, abyss_entry,
          hell_entry, gammafunk_ghost_tricky_traps, kennysheep_random_hallway
Hell
Dis:1:    layout_subdivisions
Dis:2:    layout_subdivisions, grunt_megastairs_5
Dis:3:    layout_gridville, door_vault
Dis:4:    layout_subdivisions, lemuel_elevator
Dis:6:    layout_overlapping_boxes
Dis:7:    iron_city_of_dis [dis_grunt, dis_wall_7], layout_chaotic_city,
          hangedman_dis_chains
Geh:1:    layout_gehenna_pools_basic
Geh:2:    layout_gehenna_pools_triple
Geh:3:    layout_gehenna_pools_triple, door_vault
Geh:4:    layout_gehenna_lava_caves
Geh:5:    layout_gehenna_pools_basic
Geh:6:    layout_gehenna_pools_triple
Geh:7:    geh_hangedman
Coc:1:    layout_ice_bergs
Coc:2:    layout_cocytus_water_paths
Coc:3:    layout_ice_bergs
Coc:4:    layout_ice_bergs
Coc:5:    layout_ice_bergs
Coc:6:    layout_ice_bergs
Coc:7:    coc_old
Tar:1:    layout_cathedral_of_symmetry
Tar:2:    layout_cathedral_of_symmetry, door_vault
Tar:3:    hangedman_damned_closets, layout_cathedral_of_symmetry,
          nicolae_tar_cuneiform_to_be
Tar:4:    layout_cathedral_of_symmetry, lemuel_elevator
Tar:5:    layout_honeycomb
Tar:6:    layout_grid_maze
Tar:7:    tar_minmay_river
Zot:1:    layout_basic
Zot:2:    layout_gridlike
Zot:3:    layout_misc_corridors, st_single_dragon_hoard_1
Zot:4:    minmay_elemental_castle, layout_misc_corridors, grunt_megastairs_3
Zot:5:    layout_concentric_octagons, gammafunk_ghost_necromancy

Skill      XL: |  1  2  3  4  5  6  7  8  9 10 11 12 13 14 15 16 17 18 19 20 21 22 23 24 25 26 27 |
---------------+----------------------------------------------------------------------------------+-----
Polearms       | 5 6 7 8 10 11 12 14 15 16 17 18 20 21 22 24 25 27 | 27.0
Fighting       | 3 4 5 7 8 9 10 12 14 15 16 17 18 19 20 21 27 | 27.0
Shields        | 1 4 6 7 9 10 11 13 14 15 16 17 18 19 21 22 27 | 27.0
Dodging        | 7 9 11 12 13 16 18 19 20 21 27 | 27.0
Armour         | 2 5 8 10 11 24 | 24.4
Invocations    | 3 6 9 10 12 14 16 27 | 27.0
Short Blades   | 1 |  1.3
Throwing       | 5 6 9 11 13 14 15 16 27 | 27.0
Evocations     | 5 |  5.5

Action                   |  1- 3 |  4- 6 |  7- 9 | 10-12 | 13-15 | 16-18 | 19-21 | 22-24 | 25-27 || total
-------------------------+-------+-------+-------+-------+-------+-------+-------+-------+-------++-------
Melee: Trident           |   114 |   191 |   659 |  1009 |  2575 |  2558 |   717 |       |  1676 ||  9499
       Spear             |       |       |       |   182 |       |    94 |       |       |       ||   276
       Tailslap          |       |       |       |     7 |    10 |    90 |    30 |     3 |   108 ||   248
       Demon trident     |       |       |       |       |       |       |  1764 |  2020 |  4528 ||  8312
       Trishula          |       |       |       |       |       |       |       |       |  7341 ||  7341
       Headbutt          |       |       |       |       |       |       |       |       |   280 ||   280
Throw: Boomerang         |       |     2 |       |     1 |     1 |       |       |       |       ||     4
       Javelin           |       |       |       |       |       |    32 |     7 |     4 |   137 ||   180
Invok: Heroism           |       |       |       |     1 |     8 |     4 |     3 |     2 |     7 ||    25
       Finesse           |       |       |       |       |     1 |       |       |     4 |    12 ||    17
       Cleansing Flame   |       |       |       |       |       |       |       |       |   110 ||   110
       Donate Gold       |       |       |       |       |       |       |       |       |     7 ||     7
       Recite            |       |       |       |       |       |       |       |       |     1 ||     1
       Vitalisation      |       |       |       |       |       |       |       |       |     1 ||     1
       Divine Shield     |       |       |       |       |       |       |       |       |     1 ||     1
       Brand Weapon With |       |       |       |       |       |       |       |       |     1 ||     1
Evoke: Wand              |       |       |     2 |     5 |     1 |     6 |       |       |     3 ||    17
  Use: Scroll            |     1 |     7 |    10 |    13 |     5 |    19 |    12 |     3 |    63 ||   133
       Potion            |       |       |       |       |     7 |     6 |     5 |       |    64 ||    82
 Stab: Sleeping          |     6 |     1 |     4 |     6 |       |       |     1 |       |       ||    18
       Distracted        |       |       |       |     4 |       |     2 |     1 |       |     9 ||    16
       Petrified         |       |       |       |       |    16 |       |       |       |       ||    16
       Petrifying        |       |       |       |       |     5 |       |       |       |       ||     5
       Confused          |       |       |       |       |       |       |       |     2 |     8 ||    10
  Eat: Chunk             |     1 |     8 |     8 |    21 |    35 |    30 |    18 |    26 |    51 ||   198
       Ration            |       |       |     2 |     2 |     3 |     6 |     8 |     2 |    58 ||    81
Armor: Leather armour    |    21 |    48 |   160 |   111 |       |       |       |       |       ||   340
       Ring mail         |       |       |       |    20 |   266 |   402 |    35 |       |       ||   723
       Scale mail        |       |       |       |       |   249 |       |       |       |       ||   249
       Chain mail        |       |       |       |       |       |   153 |       |       |       ||   153
       Plate armour      |       |       |       |       |       |       |   440 |   293 |  1650 ||  2383
Dodge: Dodged            |    60 |   130 |   260 |   417 |  1039 |  1451 |  1366 |   752 |  3870 ||  9345
Block: Buckler           |    10 |    35 |    28 |       |       |       |       |       |       ||    73
       Shield            |       |       |   131 |   373 |  1154 |  1454 |  1534 |   983 |  1390 ||  7019
       Large shield      |       |       |       |       |       |       |       |       | 10052 || 10052
       Rpst.: Trident    |       |       |       |       |       |    49 |    89 |       |    44 ||   182
       Demon trident     |       |       |       |       |       |       |   148 |   133 |   249 ||   530
       Trishula          |       |       |       |       |       |       |       |       |   279 ||   279

Table legend:
 A = Non-vault XP
 B = Vault XP
 C = Vault XP percentage of total XP
 D = Non-vault monster count
 E = Vault monster count
 F = Vault count percentage of total count
                 A         B        C        D         E       F
            +---------+---------+-------+---------+---------+-------
      Total | 2188433 | 1770830 |  44.7 |    3551 |    1849 |  34.2
            +---------+---------+-------+---------+---------+-------
        D:1 |      34 |       0 |   0.0 |      19 |       0 |   0.0
        D:2 |      51 |      72 |  58.5 |      23 |      12 |  34.3
        D:3 |     118 |     201 |  63.0 |      20 |       6 |  23.1
        D:4 |     344 |     474 |  57.9 |      15 |       9 |  37.5
        D:5 |     937 |    1905 |  67.0 |      30 |      33 |  52.4
        D:6 |     672 |       0 |   0.0 |      13 |       0 |   0.0
        D:7 |    1241 |       2 |   0.2 |      33 |       2 |   5.7
        D:8 |    1044 |    2385 |  69.6 |      20 |      28 |  58.3
        D:9 |    3838 |    1921 |  33.4 |      35 |      14 |  28.6
       D:10 |    2156 |     520 |  19.4 |      11 |       9 |  45.0
       D:11 |    5777 |    5350 |  48.1 |      23 |      33 |  58.9
       D:12 |    6202 |    3108 |  33.4 |      42 |      22 |  34.4
       D:13 |    8789 |   12423 |  58.6 |      38 |      22 |  36.7
       D:14 |   21235 |    3736 |  15.0 |      66 |       4 |   5.7
       D:15 |    8409 |    4077 |  32.7 |      30 |      18 |  37.5
     Lair:1 |    2184 |       0 |   0.0 |      12 |       0 |   0.0
     Lair:2 |    6630 |    2694 |  28.9 |      19 |       6 |  24.0
     Lair:3 |    6557 |       0 |   0.0 |      22 |       0 |   0.0
     Lair:4 |    7238 |    6589 |  47.7 |      23 |      12 |  34.3
     Lair:5 |   10904 |    2574 |  19.1 |      28 |       4 |  12.5
     Lair:6 |   10865 |    9253 |  46.0 |      44 |      18 |  29.0
   Shoals:1 |   17824 |       0 |   0.0 |      38 |       0 |   0.0
   Shoals:2 |    6574 |       0 |   0.0 |      15 |       0 |   0.0
   Shoals:3 |   17951 |    3404 |  15.9 |      36 |       7 |  16.3
   Shoals:4 |   11265 |   18409 |  62.0 |      22 |      30 |  57.7
   Spider:1 |   12662 |    7629 |  37.6 |      32 |      15 |  31.9
   Spider:2 |   19531 |    2001 |   9.3 |      48 |       4 |   7.7
   Spider:3 |   14645 |    9889 |  40.3 |      41 |      16 |  28.1
   Spider:4 |   12929 |   19622 |  60.3 |      29 |      30 |  50.8
    Slime:1 |    7876 |       0 |   0.0 |      14 |       0 |   0.0
    Slime:2 |    3069 |       0 |   0.0 |       5 |       0 |   0.0
    Slime:3 |    3211 |       0 |   0.0 |       9 |       0 |   0.0
    Slime:4 |   23703 |    4774 |  16.8 |      49 |       2 |   3.9
    Slime:5 |   10469 |   23764 |  69.4 |      14 |      11 |  44.0
      Orc:1 |    4660 |    1766 |  27.5 |      31 |       7 |  18.4
      Orc:2 |    1921 |    6345 |  76.8 |      17 |      48 |  73.8
      Elf:1 |   12444 |   12911 |  50.9 |      24 |      17 |  41.5
      Elf:2 |   15197 |   29845 |  66.3 |      22 |      41 |  65.1
      Elf:3 |    7618 |   43213 |  85.0 |      12 |      29 |  70.7
   Vaults:1 |   32794 |   33005 |  50.2 |      62 |      39 |  38.6
   Vaults:2 |   13839 |   26260 |  65.5 |      23 |      37 |  61.7
   Vaults:3 |   50867 |   11897 |  19.0 |      81 |      13 |  13.8
   Vaults:4 |   51731 |   63843 |  55.2 |      74 |      57 |  43.5
   Vaults:5 |   39707 |   98102 |  71.2 |      49 |      65 |  57.0
    Crypt:1 |   28753 |   17711 |  38.1 |      47 |      25 |  34.7
    Crypt:2 |   22627 |       0 |   0.0 |      28 |       0 |   0.0
    Crypt:3 |       0 |   81757 | 100.0 |       0 |     120 | 100.0
   Depths:1 |   36715 |   11432 |  23.7 |      50 |       9 |  15.3
   Depths:2 |   29206 |   30006 |  50.7 |      42 |      24 |  36.4
   Depths:3 |   29355 |   11119 |  27.5 |      28 |       4 |  12.5
   Depths:4 |   38238 |   30524 |  44.4 |      41 |      33 |  44.6
   Depths:5 |   36996 |   78211 |  67.9 |      32 |      61 |  65.6
       Hell |   18412 |   25900 |  58.4 |      24 |      44 |  64.7
      Dis:1 |   26932 |       0 |   0.0 |      64 |       0 |   0.0
      Dis:2 |    3307 |       0 |   0.0 |      12 |       0 |   0.0
      Dis:3 |   18505 |       0 |   0.0 |      34 |       0 |   0.0
      Dis:4 |   17003 |       0 |   0.0 |      34 |       0 |   0.0
      Dis:6 |   33871 |       0 |   0.0 |      47 |       0 |   0.0
      Dis:7 |   80196 |  126855 |  61.3 |     101 |      88 |  46.6
      Geh:1 |    2508 |       0 |   0.0 |      13 |       0 |   0.0
      Geh:2 |   15359 |       0 |   0.0 |      40 |       0 |   0.0
      Geh:3 |    3891 |       0 |   0.0 |      10 |       0 |   0.0
      Geh:4 |    4200 |       0 |   0.0 |       6 |       0 |   0.0
      Geh:5 |   10057 |       0 |   0.0 |      32 |       0 |   0.0
      Geh:6 |    5020 |       0 |   0.0 |      15 |       0 |   0.0
      Geh:7 |   20965 |   58495 |  73.6 |      36 |      42 |  53.8
      Coc:1 |   25176 |       0 |   0.0 |      57 |       0 |   0.0
      Coc:2 |   29465 |       0 |   0.0 |      60 |       0 |   0.0
      Coc:3 |    4180 |       0 |   0.0 |      16 |       0 |   0.0
      Coc:4 |     351 |       0 |   0.0 |       1 |       0 |   0.0
      Coc:5 |    4522 |       0 |   0.0 |       9 |       0 |   0.0
      Coc:7 |   81025 |   71974 |  47.0 |      94 |      48 |  33.8
      Tar:1 |   14006 |       0 |   0.0 |      32 |       0 |   0.0
      Tar:2 |   24749 |   29989 |  54.8 |      42 |      16 |  27.6
      Tar:3 |    8247 |       0 |   0.0 |      16 |       0 |   0.0
      Tar:4 |   44468 |       0 |   0.0 |      33 |       0 |   0.0
      Tar:5 |   28825 |       0 |   0.0 |      36 |       0 |   0.0
      Tar:6 |    6229 |       0 |   0.0 |      12 |       0 |   0.0
      Tar:7 |   51154 |   74600 |  59.3 |      51 |      51 |  50.0
      Zot:1 |   49576 |       0 |   0.0 |      29 |       0 |   0.0
      Zot:2 |   46125 |       0 |   0.0 |      35 |       0 |   0.0
      Zot:3 |   72584 |    4163 |   5.4 |      50 |       1 |   2.0
      Zot:4 |   79264 |   65224 |  45.1 |      45 |      25 |  35.7
      Zot:5 |   13501 |  166912 |  92.5 |      11 |      46 |  80.7
    Abyss:1 |  110812 |       0 |   0.0 |     168 |       0 |   0.0
    Abyss:2 |   75689 |     747 |   1.0 |     151 |       3 |   1.9
    Abyss:3 |   33449 |   15743 |  32.0 |      54 |       9 |  14.3
        Pan |  405208 |  346257 |  46.1 |     500 |     240 |  32.4
      Sewer |       0 |     285 | 100.0 |       0 |      48 | 100.0
    Ossuary |       0 |     237 | 100.0 |       0 |      31 | 100.0
     Bailey |       0 |    2302 | 100.0 |       0 |      39 | 100.0
      IceCv |       0 |   10656 | 100.0 |       0 |      58 | 100.0
 Desolation |       0 |   35768 | 100.0 |       0 |      64 | 100.0
            +---------+---------+-------+---------+---------+-------
